 Dungeon Crawl Stone Soup version 0.31-a0-1271-g3cd9a69 (webtiles) character file.

Game seed: 5439249392205484898

18244242 Kearsarge the Plane Walker (level 27, 291/291 HPs)
             Began as a Merfolk Fighter on Dec 16, 2023.
             Was an Initiate of Gozag.
             Escaped with the Orb
             ... and 15 runes!
             The game lasted 02:32:50 (84660 turns).

Kearsarge the Plane Walker (Merfolk Fighter)       Turns: 84660, Time: 02:32:51

Health: 291/291    AC: 41    Str: 20    XL:     27
Magic:  41/41      EV: 40    Int: 10    God:    Gozag
Gold:   5811       SH: 36    Dex: 27    Spells: 70/76 levels left

rFire   + + +        b - +8 eudemon blade (holy)
rCold   + . .        r - +8 tower shield {reflect}
rNeg    + + +        (body armour currently unavailable)
rPois   ∞            (helmet restricted)
rElec   +            T - +2 cloak "Huekleef" {+Inv rF++ Will+ Stlth-}
rCorr   .            (gloves currently unavailable)
SInv    .            (boots currently unavailable)
Will    +++..        E - amulet of Vitality {RegenMP++ Regen++}
Stlth   +++          p - ring "Viucru" {rF+ rC+ rN++}
HPRegen 2.28/turn    u - ring "Somiosuc" {Int+4 Dex+6 Slay+5}
MPRegen 1.07/turn

%: reflection
@: statue-form, studying 2 skills, very slow
A: slow and powerful, torment resistance 1, boosted hp, (nimble swimmer 2),
mertail, antennae 1, deformed body, dopey 1, frail 1, low MP 2, weak 1, subdued
magic 1
0: Orb of Zot
}: 15/15 runes: decaying, slimy, silver, golden, iron, obsidian, icy, bone,
abyssal, demonic, glowing, magical, fiery, dark, gossamer
a: Begin Untransformation, Renounce Religion, Evoke Invisibility, Potion
Petition, Call Merchant, Bribe Branch


You escaped.
You worshipped Gozag.
Gozag was greatly pleased with you.
You were a living statue of rough stone.
You visited 18 branches of the dungeon, and saw 88 of its levels.
You visited Pandemonium 2 times, and saw 20 of its levels.
You visited the Abyss 3 times.
You visited 1 ziggurat, and saw 12 of its levels.
You also visited: Bailey and Gauntlet.

You collected 52839 gold pieces.
You spent 5859 gold pieces at shops.
You paid 41169 gold pieces to Gozag.

Inventory:

Hand Weapons
 b - a +8 eudemon blade of holy wrath (weapon)
 j - the +8 autumn katana {manifold assault}
   (You bought it in a shop on level 2 of the Orcish Mines)
 v - a +9 trishula of holy wrath
Armour
 r - a +8 tower shield of reflection (worn)
 T - the +2 cloak "Huekleef" (worn) {+Inv rF++ Will+ Stlth-}
   (You found it on level 1 of the Spider Nest)

   rF++:      It greatly protects you from fire.
   Will+:     It increases your willpower.
   +Inv:      It lets you turn invisible.
   Stlth-:    It makes you less stealthy.
 U - a +2 helmet of see invisible
Jewellery
 f - the ring of Suucij {rC+ Will+ Int+3 SInv}
   (You took it off a balrug in Pandemonium)

   [ring of protection from cold]

   Int+3:     It affects your intelligence (+3).
   rC+:       It protects you from cold.
   Will+:     It increases your willpower.
   SInv:      It lets you see invisible.
 p - the ring "Viucru" (left fist) {rF+ rC+ rN++}
   (You bought it in a shop on level 7 of the Dungeon)

   [ring of protection from fire]

   rF+:       It protects you from fire.
   rC+:       It protects you from cold.
   rN++:      It greatly protects you from negative energy.
 u - the ring "Somiosuc" (right fist) {Int+4 Dex+6 Slay+5}
   (You found it in Pandemonium)

   [ring of dexterity]

   Int+4:     It affects your intelligence (+4).
   Dex+6:     It affects your dexterity (+6).
   Slay+5:    It affects your accuracy & damage with ranged weapons and melee
   (+5).
 B - the ring "Uscha" {MP+9 Dex+7}
   (You found it on level 3 of the Tomb of the Ancients)

   [ring of magical power]

   Dex+7:     It affects your dexterity (+7).
   MP+9:      It affects your magic capacity (+9).
 E - the amulet of Vitality (around neck) {RegenMP++ Regen++}
   (You found it on level 5 of the Pits of Slime)

   [amulet of magic regeneration]

   RegenMP:   It increases your rate of magic regeneration.
   Regen++:   It increases your rate of health regeneration.
 W - a ring of wizardry
 X - a ring of flight
Talismans
 J - a granite talisman (active)
Wands
 a - a wand of iceblast (51)
 h - a wand of light (45)
 q - a wand of mindburst (50)
 w - a wand of charming (119)
 A - a wand of polymorph (52)
 H - a wand of flame (171)
 P - a wand of digging (22)
Scrolls
 c - 5 scrolls of brand weapon
 k - 19 scrolls of teleportation
 n - a scroll of enchant armour
 o - 5 scrolls of noise
 t - 11 scrolls of amnesia
 y - 3 scrolls of torment
 D - 14 scrolls of vulnerability
 I - 3 scrolls of blinking
 K - 3 scrolls of silence
 L - 9 scrolls of poison
 O - 7 scrolls of immolation
 Q - 8 scrolls of fog
 V - 3 scrolls of summoning
 Z - 4 scrolls of fear
Potions
 d - 5 potions of might
 e - 6 potions of resistance
 g - 18 potions of heal wounds
 i - a potion of magic
 l - 8 potions of ambrosia
 m - 7 potions of cancellation
 s - 16 potions of curing
 x - a potion of brilliance
 z - 17 potions of attraction
 F - 7 potions of enlightenment
 G - a potion of haste
 R - a potion of invisibility
 S - 4 potions of berserk rage
Miscellaneous
 C - a figurine of a ziggurat
 Y - a lightning rod (4/4)


   Skills:
 O Level 27 Fighting
 O Level 27 Long Blades
 - Level 17.5 Polearms
 - Level 2.1 Armour
 O Level 27 Dodging
 + Level 20.5 Stealth
 O Level 27 Shields
 - Level 25.2 Spellcasting
 O Level 27 Translocations
 - Level 25.0 Shapeshifting


You had 70 spell levels left.
You knew the following spells:

 Your Spells              Type           Power      Damage    Failure   Level
a - Manifold Assault      Tloc           50%        N/A       0%          4
b - Blink                 Tloc           100%       N/A       0%          2

Your spell library contained the following spells:

 Spells                   Type           Power      Damage    Failure   Level
 Apportation              Tloc           100%       N/A       0%          1
 Gell's Gravitas          Tloc           50%        N/A       0%          3
 Teleport Other           Tloc           50%        N/A       0%          3
 Volatile Blastmotes      Fire/Tloc      60%        2d15      0%          3
 Dispersal                Tloc           25%        N/A       0%          6
 Dimensional Bullseye     Hex/Tloc       15%        N/A       1%          4
 Vhi's Electric Charge    Tloc/Air       60%        N/A       1%          4
 Summon Forest            Summ/Tloc      15%        N/A       1%          5
 Disjunction              Tloc           25%        N/A       1%          8
 Freeze                   Ice            36%        1d5       2%          1
 Kiss of Death            Conj/Necr      36%        2d8       2%          1
 Magic Dart               Conj           36%        1d4       2%          1
 Necrotise                Necr           36%        1d5       2%          1
 Sandblast                Erth           18%        2d7       2%          1
 Slow                     Hex            36%        N/A       2%          1
 Sting                    Tmut/Pois      36%        1d4       2%          1
 Summon Small Mammal      Summ           36%        N/A       2%          1
 Call Imp                 Summ           18%        N/A       3%          2
 Cigotuvi's Dreadful Rot  Necr/Pois/Air  18%        N/A       3%          2
 Ensorcelled Hibernation  Hex/Ice        18%        N/A       3%          2
 Passwall                 Tmut/Erth      7%         N/A       3%          2
 Poisonous Vapours        Pois/Air       18%        N/A       3%          2
 Scorch                   Fire           18%        2d5       3%          2
 Searing Ray              Conj           18%        2d5       3%          2
 Static Discharge         Conj/Air       18%        3-4/arc   3%          2
 Wereblood                Tmut           9%         N/A       3%          2
 Call Canine Familiar     Summ           9%         N/A       7%          3
 Confusing Touch          Hex            9%         N/A       7%          3
 Dazzling Flash           Conj/Hex       18%        N/A       7%          3
 Frozen Ramparts          Ice            18%        1d3       7%          3
 Hailstorm                Conj/Ice       9%         3d6       7%          3
 Ignite Poison            Fire/Tmut/Pois 9%         N/A       7%          3
 Mephitic Cloud           Conj/Pois/Air  9%         N/A       7%          3
 Ozocubu's Armour         Ice            9%         N/A       7%          3
 Sigil of Binding         Hex            9%         N/A       7%          3
 Stone Arrow              Conj/Erth      18%        3d8       7%          3
 Summon Guardian Golem    Hex/Summ       9%         N/A       7%          3
 Swiftness                Air            9%         N/A       7%          3
 Tukima's Dance           Hex            9%         N/A       7%          3
 Vampiric Draining        Necr           9%         2d6       7%          3
 Malign Gateway           Summ/Tloc      15%        N/A       8%          7
 Airstrike                Air            4%         2d(1-17)  24%         4
 Anguish                  Hex/Necr       4%         N/A       24%         4
 Animate Armour           Summ/Erth      18%        N/A       24%         4
 Brom's Barrelling Bould  Conj/Erth      9%         2d3       24%         4
 Cause Fear               Hex            4%         N/A       24%         4
 Dispel Undead            Necr           9%         3d8       24%         4
 Fulminant Prism          Conj/Hex       4%         3d5       24%         4
 Leda's Liquefaction      Tmut/Erth      4%         N/A       24%         4
 Petrify                  Tmut/Erth      9%         N/A       24%         4
 Sticky Flame             Conj/Fire      9%         2d3       24%         4
 Summon Ice Beast         Ice/Summ       9%         N/A       24%         4
 Summon Lightning Spire   Summ/Air       9%         N/A       24%         4
 Agony                    Necr           9%         N/A       58%         5
 Alistair's Intoxication  Tmut/Pois      6%         N/A       58%         5
 Arcjolt                  Conj/Air       4%         1d14      58%         5
 Borgnjor's Vile Clutch   Necr/Erth      4%         N/A       58%         5
 Irradiate                Conj/Tmut      4%         3d13      58%         5
 Iskenderun's Battlesphe  Conj           9%         2d6       58%         5
 Lee's Rapid Deconstruct  Erth           4%         3d5*      58%         5
 Metabolic Englaciation   Hex/Ice        4%         N/A       58%         5
 Silence                  Hex/Air        4%         N/A       58%         5
 Summon Mana Viper        Hex/Summ       9%         N/A       58%         5
 Bombard                  Conj/Erth      4%         9d2       99%         6
 Conjure Ball Lightning   Conj/Air       4%         3x3d6     99%         6
 Death Channel            Necr           4%         N/A       99%         6
 Eringya's Noxious Bog    Tmut/Pois      4%         4d6       99%         6
 Plasma Beam              Fire/Air       4%         2x1d14    99%         6
 Summon Cactus Giant      Summ           4%         N/A       99%         6
 Haunt                    Necr/Summ      4%         N/A       100%        7
 Monstrous Menagerie      Summ           4%         N/A       100%        7
 Orb of Destruction       Conj           4%         9d5       100%        7
 Ozocubu's Refrigeration  Ice            4%         4d8       100%        7
 Spellforged Servitor     Conj/Summ      4%         N/A       100%        7
 Summon Hydra             Summ           4%         N/A       100%        7
 Ignition                 Fire           4%         3d4       100%        8
 Lehudib's Crystal Spear  Conj/Erth      4%         10d3      100%        8
 Maxwell's Capacitive Co  Air            4%         ∞         100%        8
 Summon Horrible Things   Summ           4%         N/A       100%        8
 Chain Lightning          Conj/Air       4%         3d6       100%        9
 Dragon's Call            Summ           4%         N/A       100%        9
 Fire Storm               Conj/Fire      4%         8d1       100%        9
 Polar Vortex             Ice            4%         N/A       100%        9
 Shatter                  Erth           4%         3d8*      100%        9
 Sublimation of Blood     Necr           Unusable   N/A       N/A         2
 Simulacrum               Ice/Necr       Unusable   N/A       N/A         6

Dungeon Overview and Level Annotations

Branches:
Dungeon (15/15)            Temple (1/1) D:5            Lair (5/5) D:11
  Swamp (4/4) Lair:2       Spider (4/4) Lair:2        Slime (5/5) Lair:5
    Orc (2/2) D:11            Elf (3/3) Orc:2        Vaults (5/5) D:13
  Crypt (3/3) Vaults:2       Tomb (3/3) Crypt:3      Depths (4/4) D:15
   Hell (visited)             Dis (7/7) Hell            Geh (7/7) Hell
    Coc (7/7) Hell            Tar (7/7) Hell            Zot (5/5) Depths:4
 Bailey (visited)         Gauntlet (visited)

Altars:
Ashenzari
Cheibriados
Dithmenos
Elyvilon
Fedhas
Gozag
Hepliaklqana
Kikubaaqudgha
Makhleb
Nemelex Xobeh
Okawaru
Qazlal
Ru
Sif Muna
Trog
Uskayaw
Vehumet
Wu Jian
Xom
Yredelemnul
Zin
The Shining One
Jiyva

Shops:
D:4 =   D:7 =   D:14 :[!   Orc:1 [   Orc:2 !([(?   Elf:1 [   Lair:4 ==
Vaults:1 ?=!   Vaults:4 :   Zot:5 [!   Depths:1 [[   Depths:2 !!   Depths:3 =!

Portals:
Hell: Depths:1 Depths:2 Depths:3
Abyss: Depths:3
Pandemonium: Depths:1 Depths:2

Annotations:
D:15 3 runed translucent doors, Orra's ghost, adept MiAK
Lair:3 3 runed translucent doors, Mafah's ghost, journeyman TrSh
Orc:1 2 transporters, squeakweiz's ghost, journeyman TrBe
Zot:2 sniakfm's ghost, veteran DsDe
Zot:3 2 transporters, exclusion: obsidian statue


Innate Abilities, Weirdness & Mutations

You are a living statue of rough stone.
Your actions are slow, but your melee attacks are powerful.
You are resistant to unholy torment.
Your maximum health is greatly increased.
Your equipment is partially melded.
You are immune to poison.
((You are very nimble when in or above water. (Stealth+, EV+, Speed+++)))
Your lower body shifts to a powerful aquatic tail in water.
You have a pair of small antennae on your head.
Armour fits poorly on your strangely shaped body.
You are dopey. (Int -2)
You are frail. (-10% HP)
Your magical capacity is very low. (-20% MP)
You are weak. (Str -2)
Your spells are a little easier to cast, but a little less powerful.


Message History

You kill the goblin!
What level of the Dungeon? (default 1, ? - help)
You see here a +0 short sword.
Magic restored.
There is a stone staircase leading up, spattered with blood here.
You climb upwards.
There is a stone staircase leading down here.
There is a stone staircase leading up here.
You climb upwards.
A rust devil comes into view.
There is a stone staircase leading down here.
Space momentarily warps into an impossible shape!
You slice the rust devil!!
The rust devil convulses.
Space momentarily warps into an impossible shape!
You open the rust devil like a pillowcase!!!
You kill the rust devil!
You can't see any susceptible monsters within range! (Use Z to cast anyway.)
You can't see any susceptible monsters within range! (Use Z to cast anyway.) Magic restored.
A shadow demon comes into view.
Things that are here:
a +0 club; a +0 short sword Blink to where?
Press: ? - help, Q - select action, (/) - cycle Dir - move target
As you read the scroll of blinking, it crumbles to dust.
The shadow demon moves out of view.
Blink to where?
Press: ? - help, Q - select action, (/) - cycle Dir - move target
As you read the scroll of blinking, it crumbles to dust.
Blink to where?
Press: ? - help, Q - select action, (/) - cycle Dir - move target
As you read the scroll of blinking, it crumbles to dust.
Blink to where?
Press: ? - help, Q - select action, (/) - cycle Dir - move target
As you read the scroll of blinking, it crumbles to dust.
Casting: Manifold Assault (safe; 0% risk of failure)
Confirm with . or Enter, or press ? or * to list all spells.
Okay, then.
You can't go down here!
You have escaped!

#............#.......
####.#######..#.#.......
#.............#.##...>##
###.........###.###.#.##
#8.........8#......#...
#...8...8...#####......
#8.........8# #...... #
##.........## ##..... #
####888#### #.#... #
###################.#...
#
#...................####
#
#.########..#..#########
#.#######...............
#.......#....#.#########
#######.#....#..........
#.#...############
#....##


There were no monsters in sight!

Vanquished Creatures
  Cerebov (Pan)
  Asmodeus (Geh:7)
  Antaeus (Coc:7)
  the Royal Jelly (Slime:5)
  Gloorx Vloq (Pan)
  Ereshkigal (Tar:7)
  Mnoleg (Pan)
  11 dread liches
  Lom Lobon (Pan)
  the Serpent of Hell (Tar:7)
  Frederick (Vaults:4)
  Dispater (Dis:7)
  Mennas (Pan)
  13 ancient liches
  5 orbs of fire
  A juggernaut (Dis:7)
  30 royal mummies
  Sojobo (Vaults:5)
  Bai Suzhen (Depths:2)
  6 shard shrikes
  18 caustic shrikes
  5 curse toes
  5 Killer Klowns (Zot:5)
  12 pandemonium lords
  Geryon (Hell)
  The ghost of Herenode the Ruinous, an adept DrNe of Vehumet (Elf:2)
  20 profane servitors
  Nikola (Elf:3)
  Norris (Depths:2)
  6 golden dragons
  2 pearl dragons (Zig:12)
  7 iron giants
  22 bone dragons
  14 Tzitzimimeh
  6 doom hounds
  24 Brimstone Fiends
  2 electric golems (Zot:5)
  26 tentacled monstrosities
  The ghost of gwaga3 the Merry Ant, an adept FoHu of Gozag (Elf:3)
  Jorgrun (Orc:1)
  29 Ice Fiends
  23 Hell Sentinels
  17 tainted leviathans
  10 liches
  24 hellephants
  28 Orb Guardians
  Grunn (Zot:2)
  A shard shrike skeleton (Tomb:3)
  9 titans
  Asterion (Depths:2)
  3 walking frostbound tomes (Pan)
  9 quicksilver dragons
  19 acid blobs
  An acid blob (shapeshifter) (Zig:11)
  3 deep elf blademasters (Elf:3)
  4 deep elf master archers (Elf:3)
  14 sphinxes
  14 tentacled starspawn
  27 Executioners
  15 ancient champions
  9 death cobs
  42 searing wretches
  5 tengu reavers (Vaults:5)
  17 shadow dragons
  Roxanne (Swamp:3)
  7 rockslimes
  A nagaraja (Zig:1)
  3 eldritch tentacles (Pan)
  13 storm dragons
  4 revenants
  Donald (Crypt:1)
  5 daevas
  2 draconian monks
  Aizul (Swamp:3)
  5 draconian knights
  17 demonspawn warmongers (Pan)
  31 narguns
  19 azure jellies
  A fenstrider witch (Depths:2)
  20 frost giants
  10 quicksilver elementals
  The ghost of Soives the Black Belt, a journeyman DgSh (Spider:1)
  19 fire giants
  5 draconian shifters
  2 spectral juggernauts (Tar:1)
  A frost giant (shapeshifter) (Zig:11)
  7 protean progenitors
  59 balrugs
  8 emperor scorpions
  3 caustic shrike zombies
  Louise (Swamp:3)
  12 vault wardens
  4 deep elf elementalists
  2 draconian scorchers
  11 ghost moths
  5 iron dragons
  2 spectral caustic shrikes
  4 curse skulls
  10 deep elf sorcerers
  9 shard shrike simulacra
  2 broodmothers (Zot:1)
  5 angels
  7 demonspawn blood saints (Pan)
  20 ironbound preservers
  8 draconian annihilators
  3 ghouls (Crypt:2)
  32 cacodemons
  2 draconian stormcallers
  17 quicksilver oozes
  8 demonspawn corrupters (Pan)
  3 formless jellyfish
  19 war gargoyles
  2 spriggan defenders (Depths:2)
  15 stone giants
  23 very ugly things
  2 formless jellyfish (shapeshifter) (Zig:11)
  25 reapers
  7 ironbound thunderhulks
  A stone giant (shapeshifter) (Zig:11)
  An ophan (Zig:12)
  5 green draconians
  7 vampire knights
  6 deep elf death magi
  13 putrid mouths
  3 deep elf demonologists
  2 eleionomae
  5 deep elf annihilators
  14 demonspawn black suns (Pan)
  5 apis (Zig:12)
  10 lorocyprocas
  A minotaur (Gauntlet)
  4 bennus
  15 elemental wellsprings
  17 wendigos
  5 black draconians
  12 dire elephants
  7 red draconians
  10 yellow draconians
  8 white draconians
  4 bunyips
  4 spark wasps
  11 purple draconians
  A merfolk javelineer (Depths:1)
  16 iron golems
  Snorg (D:14)
  5 eidola
  18 green deaths
  7 ettins
  18 mummy priests
  6 spectral spriggans
  4 crystal guardians
  10 fire dragons
  27 blizzard demons
  5 entropy weavers
  3 spectral krakens (Tar:7)
  7 jiangshi
  3 shambling mangroves
  Josephine (Lair:5)
  3 deep elf high priests
  An acid blob zombie (Crypt:2)
  18 yaktaur captains
  Harold (D:10)
  11 ice dragons
  5 spriggan air magi
  3 hell beasts (Pan)
  2 ghost crabs (Abyss:5)
  2 salamander tyrants
  3 peacekeepers
  9 great orbs of eyes
  6 jorogumos
  14 rakshasas
  Fannar (Lair:3)
  9 hydras
  10 caustic shrike simulacra
  3 spriggan skeletons
  27 vault guards
  6 centaur warriors
  6 ironbound frosthearts
  4 ogre magi
  A merfolk avatar (Abyss:3)
  8 alligators
  9 juggernaut simulacra
  17 dancing weapons
  4 catoblepae
  7 death yaks (Lair:4)
  14 stokers
  16 boulder beetles
  30 death scarabs
  5 two-headed ogres
  7 deep troll shamans
  7 deep troll earth magi
  3 spriggan berserkers
  53 hell hogs
  2 naga warriors (Abyss:4)
  6 occultists
  118 sun demons
  3 spectral dire elephants
  3 spectral nagas
  13 thrashing horrors
  A tengu warrior (D:15)
  5 orc high priests (Orc:2)
  6 vampire magi
  27 hell knights
  18 wretched stars
  Nergalle (Lair:3)
  9 demonic crawlers
  32 soul eaters
  2 skysharks (shapeshifter)
  9 crystal echidnas
  10 deep elf knights
  3 fire crabs
  5 pharaoh ants
  6 skysharks
  44 sixfirhies
  3 sun moths
  7 iron trolls
  15 skeletal warriors
  A golden dragon zombie (Zig:9)
  95 deep trolls
  12 shadow wraiths
  2 spatial maelstroms
  3 goliath frogs
  8 orb spiders
  3 spriggan druids
  7 quicksilver dragon simulacra
  2 spectral hydras (Tar:1)
  A sea snake (shapeshifter) (Zot:2)
  A kraken simulacrum (Coc:7)
  5 cherubim (Zig:12)
  7 necromancers
  3 arcanists
  12 deep elf archers
  6 glowing orange brains
  2 spectral anacondas
  79 large abominations
  6 swamp dragons
  7 spriggan simulacra
  5 flayed ghosts
  11 shadow demons
  6 bog bodies
  2 anaconda skeletons
  24 ironbound convokers
  15 deep elf pyromancers
  9 phantasmal warriors
  A bunyip skeleton (Pan)
  3 harpies (Vaults:1)
  14 lindwurms
  4 steelbarb worms
  12 orc knights
  A wolf spider zombie (Crypt:3)
  29 deep elf zephyrmancers
  A harpy (shapeshifter) (Abyss:4)
  An iron dragon zombie (Abyss:1)
  A wolf spider (shapeshifter) (Zig:11)
  2 fauns (Zig:11)
  A fire giant zombie (Crypt:1)
  A tengu skeleton (Vaults:2)
  A mana viper (shapeshifter) (Abyss:4)
  6 orc sorcerers
  54 ugly things
  13 wolf spiders
  2 cyclopes
  5 worldbinders
  A shadow dragon skeleton (Tomb:1)
  A shining eye (shapeshifter) (Vaults:5)
  7 shining eyes
  3 will-o-the-wisps
  5 manticores
  A spectral ettin (Tar:1)
  A toenail golem (D:9)
  2 kobold blastminers (Orc:2)
  A stone giant skeleton (Vaults:2)
  23 elephants
  A manticore (shapeshifter) (Vaults:5)
  A spectral alligator snapping turtle (Tar:3)
  Joseph (D:10)
  A guardian serpent (Abyss:4)
  27 moths of wrath
  A centaur zombie (Tomb:1)
  A fire giant skeleton (Zig:9)
  8 rust devils
  2 black mambas (shapeshifter)
  3 molten gargoyles (Hell)
  An alligator skeleton (Crypt:2)
  A shock serpent zombie (Crypt:3)
  12 ice statues
  5 titan simulacra
  5 black mambas
  4 eyes of devastation
  10 apocalypse crabs
  2 cane toads (shapeshifter) (Abyss:4)
  11 spectral swamp worms (Tar:7)
  A centaur skeleton (Pan)
  6 torpor snails
  20 vault sentinels
  73 smoke demons
  4 unseen horrors
  7 cane toads
  A gargoyle (D:10)
  A yaktaur zombie (Vaults:2)
  52 hellions
  37 orange demons
  9 rime drakes
  2 dire elephant skeletons
  Maggie (D:10)
  12 freezing wraiths
  26 tormentors
  17 efreet
  12 ice devils
  14 komodo dragons
  2 kobold demonologists (D:12)
  A bunyip simulacrum (Coc:2)
  2 iron giant simulacra (Coc:5)
  25 yaktaurs
  11 red devils
  3 spectral harpies
  4 anaconda simulacra
  A silent spectre (Tar:6)
  33 guardian mummies
  A bloated husk (Swamp:4)
  14 ancient zymes
  6 trolls
  A queen bee (shapeshifter) (D:13)
  34 hellwings
  A hydra zombie (Crypt:1)
  2 polar bears (Lair:4)
  24 hornets
  A hornet (shapeshifter) (D:13)
  5 tyrant leeches
  26 blink frogs
  38 raiju
  21 tarantellas
  A blink frog (shapeshifter) (Zot:2)
  A glass eye (Slime:3)
  A draconian simulacrum (Coc:1)
  A guardian serpent zombie (Crypt:1)
  Sigmund (D:5)
  2 stone giant simulacra
  42 flying skulls
  97 slime creatures
  11 spriggans
  2 iron dragon simulacra
  3 harpy skeletons
  23 jumping spiders
  20 culicivoras
  3 air elementals
  11 wraiths
  8 vampires
  5 shadows
  3 wyverns
  58 starcursed masses
  48 ynoxinuls
  2 fire elementals (Elf:2)
  41 yaks
  Eustachio (D:4)
  11 dire elephant simulacra
  An alligator snapping turtle simulacrum (Coc:3)
  12 fire bats
  11 water elementals
  6 ushabtiu
  20 neqoxecs
  4 basilisks
  2 golden eyes (Abyss:2)
  A hog (shapeshifter) (D:13)
  6 vampire mosquitoes
  4 wargs
  38 chaos spawn
  2 steam dragons
  2 humans (D:13)
  3 spatial vortices (Abyss:4)
  48 redbacks
  A yaktaur simulacrum (Vaults:2)
  2 demonspawn zombies
  7 harpy simulacra
  2 acid dragons
  Edmund (D:5)
  4 nagas
  A swamp worm (shapeshifter) (D:15)
  15 water moccasins
  19 swamp worms
  13 hell hounds
  3 hydra simulacra
  Duvessa (D:6)
  36 orc warriors
  5 sky beasts
  2 ice beasts
  2 black bears
  5 ettin simulacra
  A swamp drake (Lair:5)
  9 ogres
  3 boggarts (Vaults:3)
  6 wolves
  6 centaurs
  3 kobold brigands
  A phantom (D:6)
  A gnoll sergeant (D:11)
  5 brain worms
  A human zombie (Vaults:2)
  9 bullfrogs
  A scorpion (D:7)
  6 earth elementals
  3 naga simulacra
  39 small abominations
  A cane toad simulacrum (Lair:4)
  3 wights (D:9)
  Dowan (D:6)
  A water moccasin skeleton (Crypt:2)
  A polar bear zombie (Crypt:3)
  5 killer bees
  12 electric eels
  8 howler monkeys
  9 crimson imps
  2 quasits
  5 hounds
  A jelly (D:8)
  30 orc priests
  A basilisk zombie (Crypt:2)
  3 iron imps
  A sleepcap (D:6)
  7 iguanas
  Ijyb (D:5)
  A gnoll bouda (D:5)
  17 orc wizards
  2 polar bear simulacra (Lair:4)
  2 wolf simulacra (Lair:4)
  A crocodile zombie (Crypt:3)
  A boggart simulacrum (D:15)
  35 mummies
  A howler monkey zombie (Crypt:2)
  Robin (D:3)
  13 adders
  9 gnolls
  4 shadow imps
  3 white imps
  10 ufetubi
  An iguana skeleton (Crypt:1)
  A jelly zombie (Crypt:1)
  A worm (D:3)
  4 dart slugs
  93 orcs
  16 ball pythons
  4 bats
  13 endoplasms
  4 giant cockroaches
  21 goblins
  6 hobgoblins
  2 jackals (D:1)
  25 kobolds
  5 quokkas
  3 frilled lizards
  11 rats
  6 aspiring fleshes
  3 ball lightnings (Pan)
  7 creeping infernos
  14 fire vortices
  4 lurking horrors
  2 spectral weapons (Depths:2)
  16 starspawn tentacles
  3 tentacles
4466 creatures vanquished.

Vanquished Creatures (collateral kills)
  5 royal mummies
  A revenant (Tomb:2)
  A spriggan zombie (Tomb:1)
  A mummy priest (Tomb:2)
  6 death scarabs (Tomb:3)
  2 skeletal warriors (Tomb:3)
  A goliath frog (Swamp:1)
  4 guardian mummies
  A hornet (Swamp:1)
  A yak (D:8)
  2 spriggans (Swamp:1)
  An ushabti (Tomb:2)
  A kobold brigand (D:7)
  3 mummies (Tomb:3)
  2 kobolds (D:7)
32 creatures vanquished.

Vanquished Creatures (others)
  4 royal mummies
  A lich (Tomb:2)
  An Orb Guardian (Zot:5)
  4 ancient champions (Tomb:3)
  A kraken (Abyss:5)
  A fire giant (Geh:6)
  An elemental wellspring (Coc:7)
  6 bennus
  A black draconian (Zot:2)
  6 mummy priests
  A quicksilver dragon skeleton (Tomb:1)
  A spriggan air mage (Pan)
  A hydra (D:13)
  A juggernaut simulacrum (Coc:7)
  2 death scarabs (Tomb:3)
  3 deep elf knights
  A wretched star (Abyss:4)
  7 skeletal warriors
  2 sixfirhies
  A kraken simulacrum (Coc:7)
  A large abomination (Abyss:3)
  A bunyip skeleton (Tomb:3)
  2 smoke demons (Pan)
  2 anaconda simulacra (Coc:5)
  A hellion (Pan)
  7 guardian mummies
  A bloated husk (Swamp:1)
  2 hellwings (Pan)
  A blink frog (Abyss:4)
  6 small abominations
  A dire elephant simulacrum (Coc:1)
  3 ushabtiu (Tomb:2)
  2 fire bats
  A yak (D:8)
  A golden eye (Abyss:3)
  A chaos spawn (Pan)
  An orc wizard (Orc:2)
  10 mummies
  A ball lightning (Pan)
  10 foxfires
  3 lurking horrors
  15 starspawn tentacles
  15 tentacles
134 creatures vanquished.

Grand Total: 4632 creatures vanquished

Notes
Turn   | Place    | Note
-------+----------+-------------------------------------------
     0 | D:1      | Kearsarge the Merfolk Fighter began the quest for the Orb.
     0 | D:1      | Reached XP level 1. HP: 18/18 MP: 1/1
    61 | D:1      | Reached XP level 2. HP: 22/24 MP: 2/2
   627 | D:2      | Reached XP level 3. HP: 21/30 MP: 3/3
   899 | D:2      | Reached XP level 4. HP: 37/37 MP: 4/4
   999 | D:2      | Reached skill level 5 in Polearms
  1335 | D:2      | Reached XP level 5. HP: 35/43 MP: 5/5
  1605 | D:3      | Noticed a centaur
  1630 | D:3      | Killed a centaur
  1631 | D:3      | Reached skill level 5 in Fighting
  1631 | D:3      | Reached XP level 6. HP: 21/51 MP: 6/6
  1702 | D:3      | Noticed Robin
  1719 | D:3      | Killed Robin
  1965 | D:3      | Found a shadowy altar of Dithmenos.
  2232 | D:4      | Found Rosod's Jewellery Boutique.
  2452 | D:4      | Noticed Eustachio
  2462 | D:4      | Killed Eustachio
  2463 | D:4      | Reached XP level 7. HP: 56/56 MP: 7/7
  2656 | D:4      | Found a glowing silver altar of Zin.
  2656 | D:4      | Found a white marble altar of Elyvilon.
  2656 | D:4      | Found a glowing golden altar of the Shining One.
  2693 | D:4      | Reached skill level 1 in Shapeshifting
  3248 | D:4      | Found a basalt altar of Yredelemnul.
  3358 | D:5      | Entered Level 5 of the Dungeon
  3394 | D:5      | Noticed Edmund
  3544 | D:5      | Found a shimmering blue altar of Sif Muna.
  3625 | D:5      | Found a staircase to the Ecumenical Temple.
  3636 | Temple   | Entered the Ecumenical Temple
  3742 | D:5      | Reached XP level 8. HP: 64/64 MP: 8/8
  3759 | D:5      | Noticed Ijyb
  3776 | D:5      | Killed Ijyb
  3946 | D:5      | Noticed Sigmund
  3956 | D:5      | Killed Sigmund
  3957 | D:5      | Reached skill level 10 in Polearms
  3979 | D:5      | Killed Edmund
  4221 | D:5      | Found a sparkling altar of Nemelex Xobeh.
  4584 | D:5      | Found a snail-covered altar of Cheibriados.
  4930 | D:6      | Found a shimmering altar of Xom.
  4941 | D:6      | Reached XP level 9. HP: 63/72 MP: 9/9
  5005 | D:6      | Reached skill level 5 in Shapeshifting
  5139 | D:6      | Noticed Duvessa
  5142 | D:6      | Noticed Dowan
  5149 | D:6      | Killed Duvessa
  5158 | D:6      | Killed Dowan
  5630 | D:6      | Found an iron altar of Okawaru.
  5638 | D:6      | Identified the +6 mace of Punishment {flame, rPois Int+4
                  | Dex-4 Stlth+}
  5869 | D:7      | Found a bloodstained altar of Trog.
  6186 | D:7      | Found Viqurch's Jewellery Boutique.
  6632 | D:8      | Reached XP level 10. HP: 37/82 MP: 10/10
  7174 | D:8      | Identified a scroll of acquirement
  7175 | D:8      | Acquired 1200 gold pieces
  7238 | D:7      | Bought the ring "Viucru" {rF+ rC+ rN++} for 643 gold pieces
  7240 | D:7      | Bought an amulet of regeneration for 390 gold pieces
  8308 | D:9      | Found a hide-covered altar of Uskayaw.
  8462 | D:9      | Found an ancient bone altar of Kikubaaqudgha.
  8955 | D:10     | Entered Level 10 of the Dungeon
  8965 | D:10     | Reached skill level 15 in Polearms
  8999 | D:10     | Noticed Joseph
  9001 | D:10     | Found an ornate altar of the Wu Jian Council.
  9016 | D:10     | Killed Joseph
  9047 | D:10     | Found an opulent altar of Gozag.
  9053 | D:10     | Became a worshipper of Gozag Ym Sagoz the Greedy
  9091 | D:10     | Found a flagged portal.
  9122 | Bailey   | Entered a bailey
  9275 | Bailey   | Noticed an orc knight
  9347 | Bailey   | Reached XP level 11. HP: 90/90 MP: 11/11
  9394 | Bailey   | Killed an orc knight
  9395 | Bailey   | Reached skill level 10 in Fighting
  9609 | D:10     | Noticed Harold
  9629 | D:10     | Killed Harold
  9831 | D:10     | Noticed Maggie
  9847 | D:10     | Killed Maggie
 10195 | D:10     | Noticed a deep elf archer
 10195 | D:10     | Noticed an occultist
 10212 | D:10     | Killed a deep elf archer
 10222 | D:10     | Killed an occultist
 10223 | D:10     | Reached skill level 10 in Shapeshifting
 10238 | D:10     | Identified the +2 sling of Accord {freeze, *Slow Will- MP+9
                  | Int+8}
 10720 | D:11     | Noticed a cyclops
 10743 | D:11     | Killed a cyclops
 10793 | D:11     | Found a staircase to the Orcish Mines.
 10800 | D:11     | Reached XP level 12. HP: 94/100 MP: 9/12
 11449 | D:4      | Bought a granite talisman for 720 gold pieces
 11586 | D:11     | Found a staircase to the Lair.
 11729 | D:11     | Noticed a hell knight
 11833 | D:11     | Killed a hell knight
 11904 | D:11     | Noticed a hell knight
 11905 | D:11     | Noticed a hell knight
 11913 | D:11     | Noticed a hell knight
 11922 | D:11     | Killed a hell knight
 11923 | D:11     | Killed a hell knight
 11933 | D:11     | Noticed a hell knight
 11934 | D:11     | Noticed a hell knight
 11938 | D:11     | Killed a hell knight
 11948 | D:11     | Killed a hell knight
 11952 | D:11     | Killed a hell knight
 12056 | D:11     | Noticed a hell knight
 12061 | D:11     | Killed a hell knight
 12194 | Orc:1    | Entered Level 1 of the Orcish Mines
 12209 | Orc:1    | Found Neomnias's Antique Armour Emporium.
 12224 | Orc:1    | Noticed Jorgrun
 12351 | Orc:1    | Reached skill level 15 in Shapeshifting
 12364 | Orc:1    | Found a transporter.
 12364 | Orc:1    | Noticed a two-headed ogre
 12364 | Orc:1    | Noticed a two-headed ogre
 12364 | Orc:1    | Noticed squeakweiz's ghost (journeyman TrBe)
 12364 | Orc:1    | Noticed a two-headed ogre
 12364 | Orc:1    | Noticed a two-headed ogre
 12364 | Orc:1    | Identified the +9 great mace "Ateomp" {drain, rPois rCorr}
 12364 | Orc:1    | Noticed an ettin
 12389 | Orc:1    | Killed Jorgrun
 12501 | Orc:1    | Reached XP level 13. HP: 57/106 MP: 13/13
 12523 | Orc:1    | Reached skill level 1 in Dodging
 12580 | Orc:1    | Bought an ichor-stained cloak for 209 gold pieces
 12580 | Orc:1    | Identified the +1 cloak of Beogh's Vengeance {Will+} (You
                  | bought it in a shop on level 1 of the Orcish Mines)
 12585 | Orc:1    | Bought an embroidered hat for 154 gold pieces
 12833 | Orc:1    | Found a transporter.
 12856 | Orc:2    | Entered Level 2 of the Orcish Mines
 12863 | Orc:2    | Paralysed by an orc sorcerer for 2 turns
 13005 | Orc:2    | Reached skill level 5 in Dodging
 13066 | Orc:2    | Found Adageg's Magic Scroll Emporium.
 13077 | Orc:2    | Bought a scroll of teleportation for 48 gold pieces
 13077 | Orc:2    | Bought a scroll of identify for 32 gold pieces
 13077 | Orc:2    | Bought a scroll of fear for 64 gold pieces
 13077 | Orc:2    | Bought a scroll of enchant weapon for 120 gold pieces
 13077 | Orc:2    | Bought a scroll of blinking for 120 gold pieces
 13307 | Orc:2    | Found a staircase to the Elven Halls.
 13407 | Orc:2    | Found Womyept's Armour Emporium.
 13409 | Orc:2    | Found Zaaddasy's Distillery.
 13663 | Orc:2    | Reached skill level 10 in Dodging
 13786 | Orc:2    | Found Bainaeram's Weapon Emporium.
 13787 | Orc:2    | Found Iroklu's Weapon Shoppe.
 13800 | Orc:2    | Bought a potion of resistance for 130 gold pieces
 13800 | Orc:2    | Bought a potion of might for 52 gold pieces
 13800 | Orc:2    | Bought a potion of heal wounds for 65 gold pieces
 13805 | Orc:2    | Bought the +8 autumn katana {manifold assault} for 606 gold
                  | pieces
 13805 | Orc:2    | Found the +8 autumn katana {manifold assault}
 13893 | Lair:1   | Entered Level 1 of the Lair of Beasts
 13957 | Lair:1   | Reached skill level 1 in Long Blades
 14355 | Lair:1   | Found a hazy altar of Hepliaklqana.
 14370 | Lair:1   | Reached skill level 5 in Long Blades
 14397 | Lair:1   | Reached XP level 14. HP: 113/113 MP: 14/14
 14876 | Lair:2   | Found a hole to the Spider Nest.
 15351 | Lair:2   | Found a staircase to the Swamp.
 15485 | Lair:3   | Reached skill level 10 in Long Blades
 15574 | Lair:3   | Noticed Nergalle
 15593 | Lair:3   | Killed Nergalle
 15730 | Lair:3   | Noticed Fannar
 15739 | Lair:3   | Killed Fannar
 15792 | Lair:3   | Found a runed translucent gate.
 15792 | Lair:3   | Found a runed translucent gate.
 15792 | Lair:3   | Found a runed translucent gate.
 15792 | Lair:3   | Found a viscous altar of Jiyva.
 15792 | Lair:3   | Noticed Mafah's ghost (journeyman TrSh)
 16349 | Lair:4   | Found a gate leading to a gauntlet.
 16355 | Gauntlet | Entered a Gauntlet
 16355 | Gauntlet | Found a transporter.
 16365 | Gauntlet | Found a transporter.
 16378 | Gauntlet | Found a transporter.
 16379 | Gauntlet | Found a transporter.
 16386 | Gauntlet | Found a transporter.
 16407 | Gauntlet | Found a transporter.
 16418 | Gauntlet | Found a transporter.
 16430 | Gauntlet | Found a transporter.
 16449 | Gauntlet | Found a transporter.
 16452 | Gauntlet | Found a transporter.
 16463 | Gauntlet | Found a transporter.
 16511 | Gauntlet | Found a transporter.
 16519 | Gauntlet | Found a runed translucent door.
 16523 | Gauntlet | Found a runed translucent door.
 16525 | Gauntlet | Found a transporter.
 16600 | Gauntlet | Found a transporter.
 16696 | Gauntlet | Identified the +1 helmet "Jyfoazay" {rPois rF+++ Str-5
                  | Dex-2}
 16785 | Gauntlet | Identified the +0 pair of gloves "Wuiggeha" {Dex+5}
 16815 | Gauntlet | Reached XP level 15. HP: 119/119 MP: 11/15
 17007 | Lair:4   | Reached skill level 15 in Long Blades
 17134 | Lair:4   | Acquired 653 gold pieces
 17393 | Lair:5   | Entered Level 5 of the Lair of Beasts
 17495 | Lair:5   | Identified the +5 chain mail of Upsysukouh {Fly rPois Will-
                  | Str+3}
 17509 | Lair:5   | Identified the +0 ring mail of the Trombone {Harm rC- Will-
                  | Stlth+}
 17812 | Lair:5   | Found a viscous altar of Jiyva.
 17812 | Lair:5   | Found a staircase to the Slime Pits.
 17896 | Lair:5   | Noticed Josephine
 17907 | Lair:5   | Killed Josephine
 19301 | D:13     | Found a gate to the Vaults.
 19608 | D:13     | Found a stormy altar of Qazlal.
 19648 | D:13     | Reached XP level 16. HP: 127/127 MP: 16/16
 19991 | D:14     | Found Uhybrazxa's Book Boutique.
 20028 | D:14     | Found a broken altar of Ashenzari.
 20204 | D:14     | Bought a potion of mutation for 120 gold pieces
 20204 | D:14     | Bought a potion of invisibility for 120 gold pieces
 20204 | D:14     | Bought a potion of might for 60 gold pieces
 20206 | D:14     | Bought a faintly glowing helmet for 199 gold pieces
 20206 | D:14     | Identified the +1 helmet of Acampois {+Blink Str-5 Slay+3}
                  | (You bought it in a shop on level 14 of the Dungeon)
 20253 | D:14     | Found a shadowy altar of Dithmenos.
 20342 | D:14     | Noticed Snorg
 20359 | D:14     | Killed Snorg
 20492 | D:15     | Entered Level 15 of the Dungeon
 20603 | D:15     | Found a runed translucent gate.
 20603 | D:15     | Found a runed translucent gate.
 20603 | D:15     | Found a runed translucent gate.
 20823 | D:15     | Found a staircase to the Depths.
 21016 | D:15     | Noticed Orra's ghost (adept MiAK)
 21860 | Spider:1 | Entered Level 1 of the Spider Nest
 21861 | Spider:1 | Found a transporter.
 21862 | Spider:1 | Found a transporter.
 22163 | Spider:1 | Noticed Soives's ghost (journeyman DgSh)
 22177 | Spider:1 | Found a runed translucent gate.
 22239 | Spider:1 | Found a runed translucent gate.
 22240 | Spider:1 | Found a runed translucent gate.
 22370 | Spider:1 | Killed Soives's ghost
 22393 | Spider:1 | Identified the +2 cloak "Huekleef" {+Inv rF++ Will+ Stlth-}
 22840 | Spider:1 | Got the Vademecum on Igneous Left-Handed Arts
 23213 | Spider:2 | Reached XP level 17. HP: 140/140 MP: 17/17
 24023 | Spider:3 | Reached skill level 15 in Fighting
 24038 | Spider:3 | Learned a level 4 spell: Manifold Assault
 24234 | Spider:3 | Reached skill level 1 in Spellcasting
 24234 | Spider:3 | Reached skill level 1 in Translocations
 24685 | Spider:4 | Entered Level 4 of the Spider Nest
 25553 | Spider:4 | Reached skill level 5 in Spellcasting
 25584 | Spider:4 | Reached skill level 5 in Translocations
 25687 | Spider:4 | Got a gossamer rune of Zot
 26361 | Swamp:1  | Entered Level 1 of the Swamp
 26614 | Swamp:1  | Reached XP level 18. HP: 108/149 MP: 26/28
 26660 | Swamp:1  | Identified the +6 falchion of Stickiness {flame, rN+ Str+3}
 27559 | Swamp:3  | Noticed Louise
 27603 | Swamp:3  | Killed Louise
 27705 | Swamp:3  | Identified the serpent talisman of Disappointment {rN+}
 27705 | Swamp:3  | Noticed Aizul
 27720 | Swamp:3  | Killed Aizul
 27833 | Swamp:3  | Noticed Roxanne
 27874 | Swamp:3  | Killed Roxanne
 28390 | Swamp:4  | Entered Level 4 of the Swamp
 28915 | Swamp:4  | Noticed a tentacled monstrosity
 29144 | Swamp:4  | Killed a tentacled monstrosity
 29343 | Swamp:4  | Got a decaying rune of Zot
 29768 | Elf:1    | Entered Level 1 of the Elven Halls
 30439 | Elf:1    | Reached skill level 10 in Spellcasting
 30611 | Elf:1    | Found Rittiso's Armour Emporium.
 30762 | Elf:2    | Paralysed by an air elemental for 1 turns
 30829 | Elf:2    | Found an ancient bone altar of Kikubaaqudgha.
 30830 | Elf:2    | Paralysed by an air elemental for 1 turns
 31053 | Elf:2    | Found a runed translucent gate.
 31053 | Elf:2    | Found a runed translucent gate.
 31053 | Elf:2    | Found a runed translucent gate.
 31055 | Elf:2    | Noticed Herenode's ghost (adept DrNe)
 31057 | Elf:2    | Identified the +8 rapier of Midsummer {flame, rPois rC+
                  | Int+3}
 31094 | Elf:2    | Reached XP level 19. HP: 155/155 MP: 25/33
 31166 | Elf:2    | Reached skill level 10 in Translocations
 31170 | Elf:2    | Killed Herenode's ghost
 31506 | Elf:2    | Found a radiant altar of Vehumet.
 31946 | Elf:3    | Entered Level 3 of the Elven Halls
 32226 | Elf:3    | Identified the amulet "Vyfuuguw" {Faith ^Drain rN+++ rCorr
                  | Int-3}
 32383 | Elf:3    | Identified the +1 dagger of Internal Strife {flame, rN+}
 32442 | Elf:3    | Got Sif Muna's Elucidation of the Evolving Gathering
 32456 | Elf:3    | Identified the staff of Youthful Indiscretion {rCorr Earth}
 32483 | Elf:3    | Got Sif Muna's Atlas of the Unified Grave
 32485 | Elf:3    | Identified the quicksilver dragon scales "Hafo" {Will+
                  | Dex+6}
 32616 | Elf:3    | Got the Grimoire of Vapourous Bodies
 32752 | Elf:3    | Learned a level 2 spell: Blink
 32826 | Elf:3    | Found a large runed translucent door.
 32827 | Elf:3    | Found a large runed translucent door.
 32846 | Elf:3    | Noticed gwaga3's ghost (adept FoHu)
 32902 | Elf:3    | Noticed Nikola
 32921 | Elf:3    | Killed Nikola
 33531 | Elf:3    | Killed gwaga3's ghost
 33711 | Vaults:1 | Entered Level 1 of the Vaults
 33856 | Vaults:1 | Reached XP level 20. HP: 162/162 MP: 15/34
 33899 | Vaults:1 | Bought a potion of magic for 168 gold pieces
 33899 | Vaults:1 | Bought a potion of heal wounds for 105 gold pieces
 33899 | Vaults:1 | Bought a potion of heal wounds for 105 gold pieces
 33899 | Vaults:1 | Bought a potion of enlightenment for 105 gold pieces
 33899 | Vaults:1 | Bought a potion of brilliance for 84 gold pieces
 33901 | Vaults:1 | Bought the ring of Betogo {rN+ Will+ rCorr} for 420 gold
                  | pieces
 33956 | Vaults:1 | Found Bedodoc's Magic Scroll Emporium.
 33963 | Vaults:1 | Bought a scroll of immolation for 52 gold pieces
 35053 | Vaults:1 | Identified the +1 war axe of the Dead {freeze, Int+5}
 36036 | Vaults:2 | Found a staircase to the Crypt.
 36036 | Vaults:2 | Found an ancient bone altar of Kikubaaqudgha.
 36037 | Vaults:2 | Found a basalt altar of Yredelemnul.
 36903 | Vaults:2 | Identified the +2 sling of Infinite Pain {heavy, rCorr
                  | SInv}
 36937 | Vaults:2 | Reached XP level 21. HP: 174/174 MP: 3/35
 37917 | Vaults:3 | Reached skill level 15 in Dodging
 40758 | Vaults:4 | Reached skill level 5 in Shields
 40825 | Vaults:4 | Found Obloa's Book Shop.
 40831 | Vaults:4 | Noticed Frederick
 40841 | Vaults:4 | Killed Frederick
 41354 | Vaults:4 | Got the Teachings on Tainted Cadavers
 42395 | Vaults:5 | Entered Level 5 of the Vaults
 42395 | Vaults:5 | Noticed a golden dragon
 42663 | Vaults:5 | Reached XP level 22. HP: 185/185 MP: 5/36
 42700 | Vaults:5 | Reached skill level 10 in Shields
 42851 | Vaults:5 | Noticed Sojobo
 42877 | Vaults:5 | Killed Sojobo
 42983 | Vaults:5 | Identified the +0 ring mail "Wuuf" {rC+}
 43362 | Vaults:5 | Noticed an ancient lich
 43375 | Vaults:5 | Identified the ring "Xuisog" {Wiz Dex+4}
 43380 | Vaults:5 | Killed an ancient lich
 43453 | Vaults:5 | Noticed an ancient lich
 43461 | Vaults:5 | Killed an ancient lich
 43513 | Vaults:5 | Identified the +3 ring mail of Aklaoh {+Blink}
 43562 | Vaults:5 | Identified the ring of Kicaegoc {rC+ rCorr Int+3 Dex+3}
 43717 | Vaults:5 | Killed a golden dragon
 44009 | Vaults:5 | Identified the ring of Ru's Regard {rPois rC++ Int+6 Dex-4}
 44621 | Vaults:5 | Got a silver rune of Zot
 44850 | Vaults:5 | Noticed a golden dragon
 44852 | Vaults:5 | Noticed a dread lich
 44857 | Vaults:5 | Killed a golden dragon
 44879 | Vaults:5 | Killed a dread lich
 44986 | Vaults:5 | Noticed a dread lich
 44998 | Vaults:5 | Killed a dread lich
 45066 | Vaults:5 | Reached XP level 23. HP: 192/192 MP: 17/37
 45465 | Vaults:5 | Got the Vellum of Spellbinding
 45471 | Vaults:5 | Identified the staff of Sorghuage {rPois Str+10 Int-3
                  | Stlth- Hexes Poison}
 46200 | Vaults:5 | Identified the staff of Bocekamy {^Fragile rC+ rN++ Will+
                  | Dex+2 Ice}
 46622 | Depths:1 | Entered Level 1 of the Depths
 46877 | Depths:1 | Found a shimmering altar of Xom.
 47034 | Depths:1 | Found a one-way gate leading to the halls of Pandemonium.
 47231 | Depths:1 | Identified the +3 dagger of Poumick {flame, Str-2 Int+4}
 47862 | Depths:1 | Found a gateway to Hell.
 48976 | Depths:2 | Noticed Bai Suzhen
 48991 | Depths:2 | Killed Bai Suzhen
 49147 | Depths:2 | Noticed Asterion
 49151 | Depths:2 | Killed Asterion
 49284 | Depths:2 | Noticed a dread lich
 49296 | Depths:2 | Killed a dread lich
 49408 | Depths:2 | Found a one-way gateway to a ziggurat.
 49434 | Zig:1    | Entered Level 1 of a ziggurat
 49503 | Zig:2    | Entered Level 2 of a ziggurat
 49605 | Zig:3    | Entered Level 3 of a ziggurat
 49685 | Zig:4    | Entered Level 4 of a ziggurat
 49834 | Zig:5    | Entered Level 5 of a ziggurat
 49931 | Zig:5    | Reached XP level 24. HP: 199/199 MP: 37/37
 49933 | Zig:6    | Entered Level 6 of a ziggurat
 50086 | Zig:7    | Entered Level 7 of a ziggurat
 50234 | Zig:8    | Entered Level 8 of a ziggurat
 50247 | Zig:8    | Reached XP level 25. HP: 205/205 MP: 1/37
 50382 | Zig:8    | Identified the ring of the Mackerel {rPois rC- Will++ SInv}
 50407 | Zig:8    | Reached skill level 15 in Translocations
 50407 | Zig:8    | Reached XP level 26. HP: 213/213 MP: 37/37
 50425 | Zig:9    | Entered Level 9 of a ziggurat
 50433 | Zig:9    | Noticed a royal mummy
 50436 | Zig:9    | Noticed a royal mummy
 50450 | Zig:9    | Killed a royal mummy
 50463 | Zig:9    | Killed a royal mummy
 50649 | Zig:10   | Entered Level 10 of a ziggurat
 50806 | Zig:10   | Identified the +4 steam dragon scales of Hospitality
                  | {Slay+2}
 50807 | Zig:10   | Identified the +2 ring mail of Sihutey {rN++ Dex-4}
 50810 | Zig:11   | Entered Level 11 of a ziggurat
 50821 | Zig:11   | Noticed Haolyha the pandemonium lord
 50827 | Zig:11   | Noticed Vagas the pandemonium lord
 50827 | Zig:11   | Noticed Zann the pandemonium lord
 50851 | Zig:11   | Killed Vagas the pandemonium lord
 50852 | Zig:11   | Killed Zann the pandemonium lord
 50865 | Zig:11   | Killed Haolyha the pandemonium lord
 50971 | Zig:11   | Found the +8 orange crystal plate armour {Archmagi, Int+3
                  | Clar}
 50992 | Zig:11   | Identified the ring "Kearraec" {rF+ Int+3 Dex+6}
 50993 | Zig:11   | Identified the +9 flail "Feamassis" {drain, rPois Will+
                  | rCorr}
 50996 | Zig:11   | Got the Compendium of Doomed Putrescence
 51006 | Zig:11   | Identified the +6 flail of Luant {speed, +Blink rF- rN+}
 51008 | Zig:11   | Identified the ring "Deyqyusch" {rC+ rN+ Str-5 Slay+2}
 51020 | Zig:11   | Identified the staff of Peshucw {^Fragile rElec Int+5 Dex+3
                  | Stlth+ Air}
 51025 | Zig:12   | Entered Level 12 of a ziggurat
 51235 | Zig:12   | Identified the +5 spear "Emuytz" {freeze, *Slow rElec rN+}
 51261 | Depths:2 | Noticed Norris
 51269 | Depths:2 | Killed Norris
 51682 | Slime:1  | Entered Level 1 of the Pits of Slime
 52120 | Slime:3  | Gained mutation: Your magical capacity is low. (-10% MP) [a
                  | shining eye]
 52380 | Slime:5  | Entered Level 5 of the Pits of Slime
 52382 | Slime:5  | Gained mutation: You are weak. (Str -2) [a shining eye]
 52485 | Slime:5  | Noticed the Royal Jelly
 52507 | Slime:5  | Killed the Royal Jelly
 52903 | Slime:5  | Reached XP level 27. HP: 219/219 MP: 4/33
 53069 | Slime:5  | Found the +9 scales of the Dragon King {rPois rF+ rC+
                  | Will+}
 53088 | Slime:5  | Identified the +1 leather armour "Gatweip" {rElec Dex+3}
 53091 | Slime:5  | Found the +6 arbalest "Damnation" {damnation}
 53091 | Slime:5  | Found the amulet of Vitality {RegenMP++ Regen++}
 53117 | Slime:5  | Got the Information on the Adder and Anathema
 53119 | Slime:5  | Got a slimy rune of Zot
 53120 | Slime:5  | Identified the scarf of Pride {+Inv, Harm Int-5 Dex+3}
 53127 | Slime:5  | Acquired 863 gold pieces
 53233 | Slime:5  | Identified the +1 battleaxe of Disgust {distort, rN+}
 53236 | Slime:5  | Identified the ring "Kupir" {Fly Dex+3}
 53275 | Slime:5  | Identified the +9 falchion "Ockih" {speed, Str+3 Dex+3}
 53276 | Slime:5  | Identified the +6 executioner's axe "Runtusyt" {holy, rF-
                  | rC+++ Str+2 Stlth+}
 53924 | Pan      | Entered Pandemonium
 53933 | Pan      | Gained mutation: You occasionally shout uncontrollably at
                  | your foes. [a cacodemon]
 53934 | Pan      | Gained mutation: Your body sometimes deteriorates upon
                  | taking damage. [a cacodemon]
 54151 | Pan      | Gained mutation: Your spells are a little harder to cast,
                  | but a little more powerful. [a neqoxec]
 54320 | Pan      | Noticed Arraal the pandemonium lord
 54336 | Pan      | Paralysed by Arraal for 2 turns
 54342 | Pan      | Paralysed by Arraal for 3 turns
 54346 | Pan      | Killed Arraal the pandemonium lord
 54664 | Pan      | Noticed Heeq the pandemonium lord
 54686 | Pan      | Killed Heeq the pandemonium lord
 55214 | Pan      | Gained mutation: You have hidden genetic defects. [a
                  | cacodemon]
 55222 | Pan      | Gained mutation: You are frail. (-10% HP) [a cacodemon]
 55238 | Pan      | Noticed Evurph the pandemonium lord
 55243 | Pan      | Killed Evurph the pandemonium lord
 55244 | Pan      | Gained mutation: You are clumsy. (Dex -2) [a cacodemon]
 55251 | Pan      | Lost mutation: You are frail. (-10% HP) [potion of
                  | mutation]
 55251 | Pan      | Lost mutation: You occasionally shout uncontrollably at
                  | your foes. [potion of mutation]
 55251 | Pan      | Lost mutation: You are clumsy. (Dex -2) [potion of
                  | mutation]
 55251 | Pan      | Gained mutation: You occasionally lose the ability to drink
                  | potions when taking damage. [potion of mutation]
 55251 | Pan      | Gained mutation: You have sharp fingernails. [potion of
                  | mutation]
 55252 | Pan      | Lost mutation: Your spells are a little harder to cast, but
                  | a little more powerful. [potion of mutation]
 55252 | Pan      | Lost mutation: You occasionally lose the ability to drink
                  | potions when taking damage. [potion of mutation]
 55252 | Pan      | Gained mutation: You occasionally lose the ability to drink
                  | potions when taking damage. [potion of mutation]
 55252 | Pan      | Lost mutation: You have hidden genetic defects. [potion of
                  | mutation]
 55253 | Pan      | Lost mutation: Your body sometimes deteriorates upon taking
                  | damage. [potion of mutation]
 55253 | Pan      | Lost mutation: You have sharp fingernails. [potion of
                  | mutation]
 55253 | Pan      | Lost mutation: Your magical capacity is low. (-10% MP)
                  | [potion of mutation]
 55253 | Pan      | Gained mutation: You are agile. (Dex +4, Str/Int -1)
                  | [potion of mutation]
 55253 | Pan      | Gained mutation: Your health recovers twice as slowly from
                  | being drained. [potion of mutation]
 55253 | Pan      | Gained mutation: You are occasionally teleported next to
                  | monsters. [potion of mutation]
 55254 | Pan      | Lost mutation: You are occasionally teleported next to
                  | monsters. [potion of mutation]
 55254 | Pan      | Lost mutation: Your health recovers twice as slowly from
                  | being drained. [potion of mutation]
 55254 | Pan      | Lost mutation: You occasionally lose the ability to drink
                  | potions when taking damage. [potion of mutation]
 55254 | Pan      | Gained mutation: You passively map a small area around you.
                  | [potion of mutation]
 55254 | Pan      | Gained mutation: You expend magic power (3 MP) to
                  | strengthen your wands. [potion of mutation]
 55254 | Pan      | Gained mutation: You have a somewhat thin skeletal
                  | structure. (Dex +2, Stealth+) [potion of mutation]
 55508 | Pan      | Noticed Mapoca the pandemonium lord
 55554 | Pan      | Killed Mapoca the pandemonium lord
 55555 | Pan      | Reached skill level 15 in Shields
 55669 | Pan      | Entered the realm of Mnoleg.
 55740 | Pan      | Gained mutation: You sometimes lose your temper in combat.
                  | [a cacodemon]
 55807 | Pan      | Gained mutation: You have hidden genetic defects. [a
                  | cacodemon]
 55808 | Pan      | Gained mutation: Armour fits poorly on your strangely
                  | shaped body. [a cacodemon]
 55809 | Pan      | Gained mutation: Your magical capacity is low. (-10% MP) [a
                  | cacodemon]
 56087 | Pan      | Noticed Mnoleg
 56104 | Pan      | Lost mutation: You are agile. (Dex +4, Str/Int -1) [a
                  | shining eye]
 56106 | Pan      | Gained mutation: Your body sometimes deteriorates upon
                  | taking damage. [a shining eye]
 56106 | Pan      | Gained mutation: You are very weak. (Str -4) [a shining
                  | eye]
 56108 | Pan      | Gained mutation: Your body often deteriorates upon taking
                  | damage. [a shining eye]
 56109 | Pan      | Gained mutation: You occasionally shout uncontrollably at
                  | your foes. [Mnoleg's mutagenic touch]
 56110 | Pan      | Gained mutation: You have an uncontrollable temper. [a
                  | shining eye]
 56125 | Pan      | Killed Mnoleg
 56133 | Pan      | Gained mutation: You are frail. (-10% HP) [a cacodemon]
 56135 | Pan      | Gained mutation: Potions are less effective at restoring
                  | your health. [a neqoxec]
 56175 | Pan      | Got a glowing rune of Zot
 56208 | Pan      | Gained mutation: You are dopey. (Int -2) [a cacodemon]
 56210 | Pan      | Found an exit through the horrors of the Abyss.
 56210 | Pan      | Gained mutation: Your spells are a little easier to cast,
                  | but a little less powerful. [a cacodemon]
 56213 | Pan      | Gained mutation: You occasionally lose the ability to drink
                  | potions when taking damage. [a cacodemon]
 56248 | Pan      | Lost mutation: You passively map a small area around you.
                  | [potion of mutation]
 56248 | Pan      | Lost mutation: Potions are less effective at restoring your
                  | health. [potion of mutation]
 56248 | Pan      | Lost mutation: You occasionally lose the ability to drink
                  | potions when taking damage. [potion of mutation]
 56249 | Pan      | Lost mutation: Armour fits poorly on your strangely shaped
                  | body. [potion of mutation]
 56249 | Pan      | Lost mutation: You have hidden genetic defects. [potion of
                  | mutation]
 56249 | Pan      | Gained mutation: Your natural rate of healing is unusually
                  | fast. [potion of mutation]
 56250 | Pan      | Lost mutation: You expend magic power (3 MP) to strengthen
                  | your wands. [potion of mutation]
 56250 | Pan      | Lost mutation: You are very weak. (Str -4) [potion of
                  | mutation]
 56250 | Pan      | Lost mutation: Your natural rate of healing is unusually
                  | fast. [potion of mutation]
 56250 | Pan      | Gained mutation: You frequently scream uncontrollably at
                  | your foes. [potion of mutation]
 56250 | Pan      | Lost mutation: Your magical capacity is low. (-10% MP)
                  | [potion of mutation]
 56251 | Pan      | Lost mutation: You have a somewhat thin skeletal structure.
                  | (Dex +2, Stealth+) [potion of mutation]
 56251 | Pan      | Lost mutation: You are dopey. (Int -2) [potion of mutation]
 56251 | Pan      | Lost mutation: Your spells are a little easier to cast, but
                  | a little less powerful. [potion of mutation]
 56251 | Pan      | Gained mutation: You are strong-willed. (Will+) [potion of
                  | mutation]
 56251 | Pan      | Gained mutation: You are highly strong-willed. (Will++)
                  | [potion of mutation]
 56252 | Pan      | Lost mutation: You are weak. (Str -2) [potion of mutation]
 56252 | Pan      | Lost mutation: You frequently scream uncontrollably at your
                  | foes. [potion of mutation]
 56252 | Pan      | Lost mutation: You are highly strong-willed. (Will++)
                  | [potion of mutation]
 56252 | Pan      | Gained mutation: You have a pair of small antennae on your
                  | head. [potion of mutation]
 56252 | Pan      | Gained mutation: Your health recovers twice as slowly from
                  | being drained. [potion of mutation]
 56253 | Pan      | Lost mutation: You occasionally shout uncontrollably at
                  | your foes. [potion of mutation]
 56253 | Pan      | Lost mutation: Your body often deteriorates upon taking
                  | damage. [potion of mutation]
 56253 | Pan      | Gained mutation: You have a somewhat thin skeletal
                  | structure. (Dex +2, Stealth+) [potion of mutation]
 56254 | Pan      | Lost mutation: Your health recovers twice as slowly from
                  | being drained. [potion of mutation]
 56254 | Pan      | Lost mutation: You have a somewhat thin skeletal structure.
                  | (Dex +2, Stealth+) [potion of mutation]
 56254 | Pan      | Lost mutation: You are frail. (-10% HP) [potion of
                  | mutation]
 56254 | Pan      | Gained mutation: You are somewhat resistant to further
                  | mutation. [potion of mutation]
 56510 | Pan      | Found an exit through the horrors of the Abyss.
 56561 | Pan      | Took an exit into the Abyss.
 56561 | Abyss:1  | Escaped into the Abyss
 56639 | Abyss:1  | Found a corrupted altar of Lugonu.
 56657 | Abyss:1  | Found a corrupted altar of Lugonu.
 56726 | Depths:2 | Escaped the Abyss
 56731 | Depths:2 | Bought a potion of cancellation for 136 gold pieces
 56731 | Depths:2 | Bought a potion of mutation for 136 gold pieces
 56731 | Depths:2 | Lost mutation: You are strong-willed. (Will+) [potion of
                  | mutation]
 56731 | Depths:2 | Lost mutation: You have a pair of small antennae on your
                  | head. [potion of mutation]
 56808 | Depths:3 | Lost mutation: Your body sometimes deteriorates upon taking
                  | damage. [potion of mutation]
 56808 | Depths:3 | Lost mutation: You are somewhat resistant to further
                  | mutation. [potion of mutation]
 56808 | Depths:3 | Gained mutation: You are frail. (-10% HP) [potion of
                  | mutation]
 56808 | Depths:3 | Gained mutation: Your body sometimes deteriorates upon
                  | taking damage. [potion of mutation]
 57116 | Depths:3 | Lost mutation: You have an uncontrollable temper. [potion
                  | of mutation]
 57116 | Depths:3 | Lost mutation: You sometimes lose your temper in combat.
                  | [potion of mutation]
 57116 | Depths:3 | Lost mutation: You are frail. (-10% HP) [potion of
                  | mutation]
 57116 | Depths:3 | Gained mutation: You possess an exceptional clarity of
                  | mind. [potion of mutation]
 57116 | Depths:3 | Lost mutation: You possess an exceptional clarity of mind.
                  | [potion of mutation]
 57116 | Depths:3 | Gained mutation: Your spells are a little easier to cast,
                  | but a little less powerful. [potion of mutation]
 57321 | Depths:3 | Found a one-way gate to the infinite horrors of the Abyss.
 57574 | Depths:4 | Entered Level 4 of the Depths
 57706 | Depths:4 | Acquired a manual of Shields
 57941 | Depths:4 | Found a gate to the Realm of Zot.
 57989 | Zot:1    | Entered Level 1 of the Realm of Zot
 58597 | Zot:2    | Noticed an orb of fire
 58599 | Zot:2    | Gained mutation: You are frail. (-10% HP) [an orb of fire]
 58601 | Zot:2    | Gained mutation: Your mind is acute. (Int +4, Str/Dex -1)
                  | [an orb of fire]
 58614 | Zot:2    | Killed an orb of fire
 58716 | Zot:2    | Noticed an ancient lich
 58725 | Zot:2    | Killed an ancient lich
 58807 | Zot:2    | Noticed an ancient lich
 58827 | Zot:2    | Killed an ancient lich
 59203 | Zot:2    | Found a snail-covered altar of Cheibriados.
 59216 | Zot:2    | Noticed Grunn
 59231 | Zot:2    | Killed Grunn
 59394 | Zot:2    | Found a runed translucent gate.
 59394 | Zot:2    | Found a runed translucent gate.
 59394 | Zot:2    | Found a runed translucent gate.
 59394 | Zot:2    | Found an ancient bone altar of Kikubaaqudgha.
 59394 | Zot:2    | Noticed sniakfm's ghost (veteran DsDe)
 59394 | Zot:2    | Noticed an ancient lich
 59394 | Zot:2    | Noticed a dread lich
 59395 | Zot:2    | Noticed an ancient lich
 59395 | Zot:2    | Noticed an ancient lich
 59468 | Zot:2    | Killed a dread lich
 59471 | Zot:2    | Killed an ancient lich
 59472 | Zot:2    | Killed an ancient lich
 59603 | Zot:2    | Killed an ancient lich
 59631 | Zot:2    | Identified the amulet "Uhoiv" {Spirit -Tele Rampage Will++
                  | Int-2 SInv}
 59641 | Zot:2    | Identified the +2 helmet of Peakhlau {rElec rF+}
 59645 | Zot:2    | Got Kikubaaqudgha's Spellbook of the Cemetery
 59839 | Zot:3    | Found a transporter.
 59839 | Zot:3    | Found a transporter.
 60880 | Zot:4    | Noticed an orb of fire
 60880 | Zot:4    | Gained mutation: Armour fits poorly on your strangely
                  | shaped body. [an orb of fire]
 60885 | Zot:4    | Gained mutation: You are vulnerable to heat. (rF-) [an orb
                  | of fire]
 60888 | Zot:4    | Lost mutation: Your mind is acute. (Int +4, Str/Dex -1) [an
                  | orb of fire]
 60890 | Zot:4    | Gained mutation: You sometimes lose your temper in combat.
                  | [an orb of fire]
 60901 | Zot:4    | Killed an orb of fire
 60944 | Zot:4    | Lost mutation: You sometimes lose your temper in combat.
                  | [potion of mutation]
 60944 | Zot:4    | Lost mutation: Your spells are a little easier to cast, but
                  | a little less powerful. [potion of mutation]
 60944 | Zot:4    | Lost mutation: Your body sometimes deteriorates upon taking
                  | damage. [potion of mutation]
 60944 | Zot:4    | Gained mutation: You are agile. (Dex +4, Str/Int -1)
                  | [potion of mutation]
 60957 | Zot:4    | Identified the +4 storm dragon scales of the Mantidfly
                  | {-Cast rElec rF++ rN+}
 61242 | Zot:5    | Entered Level 5 of the Realm of Zot
 61582 | Zot:5    | Noticed an ancient lich
 61582 | Zot:5    | Noticed an orb of fire
 61585 | Zot:5    | Noticed an orb of fire
 61586 | Zot:5    | Gained mutation: You are very frail. (-20% HP) [an orb of
                  | fire]
 61590 | Zot:5    | Noticed a dread lich
 61594 | Zot:5    | Gained mutation: Your magical capacity is low. (-10% MP)
                  | [an orb of fire]
 61617 | Zot:5    | Gained mutation: You are dopey. (Int -2) [an orb of fire]
 61620 | Zot:5    | Killed an orb of fire
 61634 | Zot:5    | Killed an ancient lich
 62079 | Zot:5    | Noticed an orb of fire
 62084 | Zot:5    | Killed an orb of fire
 62112 | Zot:5    | Killed a dread lich
 62133 | Zot:5    | Noticed a dread lich
 62139 | Zot:5    | Noticed a dread lich
 62140 | Zot:5    | Killed a dread lich
 62140 | Zot:5    | Paralysed by a dread lich for 3 turns
 62150 | Zot:5    | Killed a dread lich
 62436 | Zot:5    | Identified the +0 broad axe of the Noxious God {venom,
                  | rCorr Int+3}
 62453 | Zot:5    | Killed an orb of fire
 62499 | Zot:5    | Identified the +1 hat of the New World {Rampage Fly rC+
                  | MP-9}
 62556 | Zot:5    | Bought a potion of might for 56 gold pieces
 62556 | Zot:5    | Bought a potion of might for 56 gold pieces
 62556 | Zot:5    | Bought a potion of might for 56 gold pieces
 62556 | Zot:5    | Bought a potion of haste for 140 gold pieces
 62556 | Zot:5    | Bought a potion of might for 56 gold pieces
 62556 | Zot:5    | Bought a potion of haste for 140 gold pieces
 62781 | Pan      | Entered Pandemonium
 62797 | Pan      | Gained mutation: Your spells are a little easier to cast,
                  | but a little less powerful. [a neqoxec]
 62932 | Pan      | Found an exit through the horrors of the Abyss.
 63029 | Pan      | Noticed Mennas
 63074 | Pan      | Killed Mennas
 63763 | Pan      | Noticed Hoppicw the pandemonium lord
 63823 | Pan      | Killed Hoppicw the pandemonium lord
 64436 | Pan      | Identified the +3 mace of Bidae {venom, Dex+4}
 64468 | Pan      | Reached skill level 27 in Translocations
 64666 | Pan      | Reached skill level 27 in Long Blades
 64667 | Pan      | Noticed Bysidu the pandemonium lord
 64679 | Pan      | Killed Bysidu the pandemonium lord
 64776 | Pan      | Got a demonic rune of Zot
 64778 | Pan      | Identified the +5 pair of boots of Sin {Str+5}
 64871 | Pan      | Entered the realm of Lom Lobon.
 65019 | Pan      | Found an exit through the horrors of the Abyss.
 65537 | Pan      | Noticed Lom Lobon
 65566 | Pan      | Killed Lom Lobon
 65652 | Pan      | Got a magical rune of Zot
 65834 | Pan      | Identified the ring of Ideif {rElec rN+ Int+3}
 65944 | Pan      | Entered the realm of Cerebov.
 66334 | Pan      | Identified the +3 rapier of Linearity {drain, rF+ rC+++
                  | SInv Stlth-}
 66621 | Pan      | Identified the +0 scale mail of the Winnowing Gods {^Drain
                  | rF+ Dex+3 SInv}
 66898 | Pan      | Identified the ring "Somiosuc" {Int+4 Dex+6 Slay+5}
 66973 | Pan      | Identified the ring of Suucij {rC+ Will+ Int+3 SInv}
 66977 | Pan      | Found the +6 sword of Cerebov {flame}
 66977 | Pan      | Noticed Cerebov
 67005 | Pan      | Killed Cerebov
 67136 | Pan      | Got a fiery rune of Zot
 67503 | Pan      | Noticed Veicybi the pandemonium lord
 67512 | Pan      | Killed Veicybi the pandemonium lord
 67934 | Pan      | Gained mutation: You are very dopey. (Int -4) [a cacodemon]
 68163 | Pan      | Entered the realm of Gloorx Vloq.
 68187 | Pan      | Noticed Gloorx Vloq
 68218 | Pan      | Killed Gloorx Vloq
 68311 | Pan      | Got a dark rune of Zot
 68682 | Pan      | Acquired 774 gold pieces
 68700 | Pan      | Found an exit through the horrors of the Abyss.
 68732 | Pan      | Took an exit into the Abyss.
 68732 | Abyss:1  | Escaped into the Abyss
 68772 | Abyss:1  | Found a corrupted altar of Lugonu.
 68786 | Abyss:2  | Found a corrupted altar of Lugonu.
 68793 | Abyss:2  | Found a corrupted altar of Lugonu.
 68979 | Abyss:2  | Gained mutation: You occasionally lose the ability to read
                  | scrolls when taking damage. [a cacodemon]
 69327 | Abyss:2  | Found a corrupted altar of Lugonu.
 69587 | Abyss:3  | Found a corrupted altar of Lugonu.
 69654 | Abyss:3  | Paralysed by accursed screaming for 1 turns
 69686 | Abyss:3  | Found a corrupted altar of Lugonu.
 69697 | Abyss:3  | Found a corrupted altar of Lugonu.
 69926 | Abyss:3  | Paralysed by accursed screaming for 2 turns
 69933 | Abyss:4  | Found a corrupted altar of Lugonu.
 70158 | Abyss:4  | Found a corrupted altar of Lugonu.
 70247 | Abyss:4  | Found a corrupted altar of Lugonu.
 70495 | Abyss:4  | Noticed an ancient lich
 70501 | Abyss:4  | Killed an ancient lich
 70808 | Abyss:4  | Gained mutation: You are extremely frail. (-30% HP) [a
                  | cacodemon]
 70842 | Abyss:4  | Noticed a dread lich
 70848 | Abyss:4  | Killed a dread lich
 70903 | Depths:2 | Escaped the Abyss
 70960 | Depths:3 | Voluntarily entered the Abyss.
 71217 | Abyss:5  | Found a corrupted altar of Lugonu.
 71300 | Abyss:5  | Got an abyssal rune of Zot
 71367 | Abyss:5  | Gained mutation: Your body sometimes deteriorates upon
                  | taking damage. [a shining eye]
 71385 | Abyss:5  | Gained mutation: You sometimes lose your temper in combat.
                  | [a shining eye]
 71386 | Abyss:5  | Gained mutation: You are weak. (Str -2) [a shining eye]
 71435 | Depths:3 | Escaped the Abyss
 71448 | Depths:3 | Bought a potion of mutation for 192 gold pieces
 71448 | Depths:3 | Lost mutation: Armour fits poorly on your strangely shaped
                  | body. [potion of mutation]
 71448 | Depths:3 | Lost mutation: Your body sometimes deteriorates upon taking
                  | damage. [potion of mutation]
 71448 | Depths:3 | Lost mutation: You are extremely frail. (-30% HP) [potion
                  | of mutation]
 71448 | Depths:3 | Lost mutation: You are agile. (Dex +4, Str/Int -1) [potion
                  | of mutation]
 71448 | Depths:3 | Lost mutation: You are very dopey. (Int -4) [potion of
                  | mutation]
 71486 | Hell     | Entered the Vestibule of Hell
 71486 | Hell     | Noticed Geryon
 71790 | Hell     | Killed Geryon
 71860 | Hell     | Found a gateway to the ashen valley of Gehenna.
 72105 | Hell     | Found a gateway to the freezing wastes of Cocytus.
 72168 | Coc:1    | Entered Level 1 of Cocytus
 72286 | Coc:1    | Noticed a dread lich
 72290 | Coc:1    | Killed a dread lich
 72378 | Coc:2    | Noticed an ancient lich
 72385 | Coc:2    | Killed an ancient lich
 72495 | Coc:3    | Paralysed by a wendigo for 1 turns
 72968 | Coc:5    | Paralysed by a wendigo for 1 turns
 73276 | Coc:7    | Entered Level 7 of Cocytus
 73657 | Coc:7    | Paralysed by a wendigo for 1 turns
 74367 | Coc:7    | Noticed Antaeus
 74388 | Coc:7    | Killed Antaeus
 74418 | Coc:7    | Got an icy rune of Zot
 74543 | Hell     | Found a gateway to the Iron City of Dis.
 74551 | Dis:1    | Entered Level 1 of the Iron City of Dis
 74745 | Dis:1    | Noticed a dread lich
 74757 | Dis:1    | Killed a dread lich
 74785 | Dis:1    | Noticed an ancient lich
 74788 | Dis:1    | Noticed an ancient lich
 74794 | Dis:1    | Killed an ancient lich
 74796 | Dis:1    | Killed an ancient lich
 74797 | Dis:1    | Noticed a dread lich
 74804 | Dis:1    | Killed a dread lich
 74807 | Dis:1    | Noticed an ancient lich
 74810 | Dis:1    | Killed an ancient lich
 74884 | Dis:2    | Reached skill level 27 in Dodging
 74892 | Dis:2    | Reached skill level 27 in Fighting
 74892 | Dis:2    | Reached skill level 27 in Shields
 75092 | Dis:3    | Paralysed by a Zot trap for 3 turns
 75694 | Dis:7    | Entered Level 7 of the Iron City of Dis
 76244 | Dis:7    | Reached skill level 15 in Spellcasting
 76336 | Dis:7    | Noticed a juggernaut
 76348 | Dis:7    | Killed a juggernaut
 76351 | Dis:7    | Noticed Dispater
 76360 | Dis:7    | Killed Dispater
 76375 | Dis:7    | Got an iron rune of Zot
 76634 | Hell     | Found a gateway to the decaying netherworld of Tartarus.
 76651 | Tar:1    | Entered Level 1 of Tartarus
 77283 | Tar:7    | Entered Level 7 of Tartarus
 77687 | Tar:7    | Noticed the Serpent of Hell
 77697 | Tar:7    | Killed the Serpent of Hell
 77851 | Tar:7    | Noticed Ereshkigal
 77866 | Tar:7    | Killed Ereshkigal
 77877 | Tar:7    | Found the +12 glaive of Prune {freeze, Prune}
 77913 | Tar:7    | Identified the +6 halberd "Naroum" {freeze, MP+9 Dex+5}
 77916 | Tar:7    | Identified the staff "Weodgh" {rPois rN+ Int+2 Poison}
 77921 | Tar:7    | Got a bone rune of Zot
 78086 | Geh:1    | Entered Level 1 of Gehenna
 79448 | Geh:7    | Entered Level 7 of Gehenna
 80196 | Geh:7    | Identified the ring "Ceifaxt" {rPois rC+ rCorr}
 80348 | Geh:7    | Found the +13 sceptre of Asmodeus
 80348 | Geh:7    | Noticed Asmodeus
 80359 | Geh:7    | Killed Asmodeus
 80382 | Geh:7    | Found the +5 Lochaber axe {reach-cleave, Poleaxe ^Drain}
 80390 | Geh:7    | Identified the +6 battleaxe of Muev {flame, rElec}
 80391 | Geh:7    | Identified the +3 hand axe "Isar" {heavy, rC+}
 80425 | Geh:7    | Identified the +8 scimitar "Xemae" {freeze, *Rage Fly rElec
                  | Int+3}
 80430 | Geh:7    | Identified the +0 plate armour of Hedonism {^Contam rN++
                  | Will+}
 80433 | Geh:7    | Identified the +3 hand axe "Nicrel" {heavy, Dex+5}
 80451 | Geh:7    | Got the Compendium of Aeromancy
 80459 | Geh:7    | Got an obsidian rune of Zot
 80988 | Crypt:1  | Entered Level 1 of the Crypt
 81048 | Crypt:1  | Noticed Donald
 81056 | Crypt:1  | Killed Donald
 81161 | Crypt:1  | Reached skill level 1 in Stealth
 81358 | Crypt:2  | Reached skill level 5 in Stealth
 81375 | Crypt:2  | Lost mutation: You are very frail. (-20% HP) [potion of
                  | mutation]
 81375 | Crypt:2  | Lost mutation: You occasionally lose the ability to read
                  | scrolls when taking damage. [potion of mutation]
 81375 | Crypt:2  | Lost mutation: You sometimes lose your temper in combat.
                  | [potion of mutation]
 81375 | Crypt:2  | Gained mutation: You have a pair of small antennae on your
                  | head. [potion of mutation]
 81375 | Crypt:2  | Lost mutation: You are vulnerable to heat. (rF-) [potion of
                  | mutation]
 81530 | Crypt:3  | Entered Level 3 of the Crypt
 81630 | Crypt:3  | Found an ancient bone altar of Kikubaaqudgha.
 81731 | Crypt:3  | Found a staircase to the Tomb.
 81755 | Tomb:1   | Entered Level 1 of the Tomb of the Ancients
 82035 | Tomb:1   | Reached skill level 10 in Stealth
 82068 | Tomb:1   | Noticed a royal mummy
 82077 | Tomb:1   | Killed a royal mummy
 82281 | Tomb:2   | Noticed a royal mummy
 82282 | Tomb:2   | Noticed a royal mummy
 82283 | Tomb:2   | Noticed a royal mummy
 82283 | Tomb:2   | Noticed a royal mummy
 82292 | Tomb:2   | Killed a royal mummy
 82535 | Tomb:1   | Noticed a royal mummy
 82535 | Tomb:1   | Noticed a royal mummy
 82535 | Tomb:1   | Noticed a royal mummy
 82535 | Tomb:1   | Noticed a royal mummy
 82535 | Tomb:1   | Noticed a royal mummy
 82536 | Tomb:1   | Killed a royal mummy
 82536 | Tomb:1   | Noticed a royal mummy
 82538 | Tomb:1   | Killed a royal mummy
 82538 | Tomb:1   | Noticed a royal mummy
 82538 | Tomb:1   | Noticed a royal mummy
 82539 | Tomb:1   | Noticed a royal mummy
 82540 | Tomb:1   | Killed a royal mummy
 82541 | Tomb:1   | Noticed a royal mummy
 82541 | Tomb:1   | Noticed a royal mummy
 82541 | Tomb:1   | Noticed a royal mummy
 82546 | Tomb:1   | Killed a royal mummy
 82548 | Tomb:1   | Killed a royal mummy
 82548 | Tomb:1   | Killed a royal mummy
 82549 | Tomb:1   | Killed a royal mummy
 82558 | Tomb:1   | Killed a royal mummy
 82559 | Tomb:1   | Killed a royal mummy
 82560 | Tomb:1   | Killed a royal mummy
 82561 | Tomb:1   | Killed a royal mummy
 82565 | Tomb:1   | Noticed a royal mummy
 82567 | Tomb:1   | Noticed a royal mummy
 82568 | Tomb:1   | Killed a royal mummy
 82574 | Tomb:1   | Killed a royal mummy
 82575 | Tomb:1   | Noticed a royal mummy
 82580 | Tomb:1   | Noticed a royal mummy
 82583 | Tomb:1   | Killed a royal mummy
 82583 | Tomb:1   | Noticed a royal mummy
 82588 | Tomb:1   | Killed a royal mummy
 82590 | Tomb:1   | Killed a royal mummy
 82600 | Tomb:1   | Noticed a royal mummy
 82603 | Tomb:1   | Noticed a royal mummy
 82608 | Tomb:1   | Killed a royal mummy
 82608 | Tomb:1   | Killed a royal mummy
 82719 | Tomb:1   | Noticed a royal mummy
 82722 | Tomb:1   | Killed a royal mummy
 82741 | Tomb:1   | Noticed a royal mummy
 82743 | Tomb:1   | Noticed a royal mummy
 82757 | Tomb:1   | Killed a royal mummy
 82758 | Tomb:1   | Reached skill level 15 in Stealth
 82776 | Tomb:1   | Killed a royal mummy
 82780 | Tomb:1   | Noticed a royal mummy
 82785 | Tomb:1   | Killed a royal mummy
 82919 | Tomb:1   | Noticed a royal mummy
 82920 | Tomb:1   | Noticed a royal mummy
 82923 | Tomb:1   | Noticed a royal mummy
 82925 | Tomb:1   | Killed a royal mummy
 82926 | Tomb:1   | Killed a royal mummy
 82926 | Tomb:1   | Noticed a royal mummy
 82927 | Tomb:1   | Killed a royal mummy
 82934 | Tomb:1   | Killed a royal mummy
 83124 | Tomb:3   | Entered Level 3 of the Tomb of the Ancients
 83147 | Tomb:3   | Noticed a royal mummy
 83154 | Tomb:3   | Noticed a royal mummy
 83174 | Tomb:3   | Killed a royal mummy
 83182 | Tomb:3   | Noticed a royal mummy
 83186 | Tomb:3   | Killed a royal mummy
 83193 | Tomb:3   | Noticed a royal mummy
 83209 | Tomb:3   | Noticed a royal mummy
 83215 | Tomb:3   | Noticed a royal mummy
 83218 | Tomb:3   | Killed a royal mummy
 83229 | Tomb:3   | Noticed a royal mummy
 83230 | Tomb:3   | Noticed a royal mummy
 83239 | Tomb:3   | Killed a royal mummy
 83259 | Tomb:3   | Killed a royal mummy
 83290 | Tomb:3   | Killed a royal mummy
 83311 | Tomb:3   | Killed a royal mummy
 83372 | Tomb:3   | Got a golden rune of Zot
 83428 | Tomb:3   | Found the crystal ball of Wucad Mu {*channel}
 83434 | Tomb:3   | Identified the ring "Uscha" {MP+9 Dex+7}
 84065 | Zot:5    | Got the Orb of Zot
 84270 | Depths:3 | Noticed Urawniw the pandemonium lord
 84359 | D:15     | Gained mutation: Your magical capacity is very low. (-20%
                  | MP) [a cacodemon]
 84517 | D:8      | Noticed Iridwy Yviwk the pandemonium lord
 84525 | D:8      | Noticed Luclunio the pandemonium lord
 84526 | D:8      | Killed Luclunio the pandemonium lord
 84528 | D:8      | Killed Iridwy Yviwk the pandemonium lord
 84533 | D:8      | Gained mutation: Armour fits poorly on your strangely
                  | shaped body. [a cacodemon]
 84660 | D:$      | Escaped with the Orb!

Illustrated notes

Levels and vault maps discovered:
D:1:      mrwooster_arrival_statue_2, layout_basic, minmay_misc_feat_hallway
D:2:      minmay_evil_eye, layout_basic, minmay_quadrilaterals
D:3:      layout_loops_ring, mainiacjoe_overflow_tiny_flanked, uniq_robin
D:4:      minmay_razor_zed, layout_cave_pools, good_gods_mini_temple,
          mainiacjoe_overflow_cross_hatched, serial_shops,
          nicolae_shop_tiny_real_fake_doors, uniq_eustachio
D:5:      layout_loops_ring, kennysheep_orc_sif_temple,
          mainiacjoe_overflow_alcove_1, marbit_many_paths,
          minmay_temple_entry_tees, hangedman_decor_growths,
          grunt_decor_resistance, nicolae_concentric_dashed_squares_wild,
          saegor_snake_ambush, uniq_ijyb, uniq_sigmund, uniq_edmund
D:6:      layout_rooms, mainiacjoe_overflow_24_doors, okawaru_ov_weapons_minmay,
          grunt_ministairs_10, uniq_duvessa
D:7:      layout_rooms, lightli_temple_of_fire, serial_shops, shop
D:8:      nicolae_moon_pools, layout_loops_ring, serial_bayou_pond_c,
          chequers_serial_rivers_micro_e
D:9:      layout_gridville, kennysheep_mini, lemuel_crystal_altar
D:10:     layout_cave_pools, kennysheep_little_box,
          nicolae_wu_jian_wuxing_cycle, enter_bailey_5,
          minmay_misc_feat_more_columns, wad_scary_box, uniq_maggie,
          uniq_joseph, uniq_harold
D:11:     layout_rooms, grunt_lair_entry_orc_guard_hut,
          minmay_orc_entry_guard_dogs, minmay_rotating_lava
D:12:     layout_roguey
D:13:     layout_loops_corners, hellmonk_vaults_keyhole, grunt_ministairs_11,
          grunt_qazlal_clouds
D:14:     layout_basic, serial_shops, shop, cheibrodos_ashenzari_chains,
          grunt_dithmenos_smoke_and_mirrors, uniq_snorg
D:15:     gammafunk_enter_depths_forms, layout_layer_cave,
          gammafunk_ghost_spectres, minmay_misc_feat_square
Temple:   nicolae_temple_great_sept
Lair:1:   layout_hall_layers, basic_altar, grunt_megastairs_2
Lair:2:   layout_roguey, nicolae_swamp_entry_splash_gauntlet,
          nicolae_spider_entry_tight_spaces
Lair:3:   layout_regular_city, gammafunk_ghost_ooze, uniq_nergalle, uniq_fannar
Lair:4:   layout_loops_ring, gauntlet_entry_generic,
          portal_ice_cave_entry_ice_simulacra
Lair:5:   guppyfry_lair_end_dragon, layout_misc_corridors, slime_entry_1,
          nicolae_lair_grove_arrangements, grunt_megastairs_4, uniq_josephine
Swamp:1:  layout_basic_swamp, hangedman_swamp_cone, infiniplex_staircase_pool_2
Swamp:2:  layout_basic_swamp, evilmike_swamp_ruin_house_1
Swamp:3:  layout_basic_swamp, hangedman_swamp_blocks, uniq_louise, uniq_aizul,
          uniq_roxanne
Swamp:4:  swamp_vile, layout_basic_swamp
Spider:1: gammafunk_boulding_lane, gammafunk_ghost_split
Spider:2: layout_spider_delve
Spider:3: layout_spider_delve
Spider:4: spider_rune_water
Slime:1:  layout_caves
Slime:2:  layout_caves
Slime:3:  layout_caves
Slime:4:  layout_caves
Slime:5:  slime_pit
Orc:1:    layout_caves, serial_shops, nicolae_square_shop,
          gammafunk_ghost_smash, uniq_jorgrun
Orc:2:    st_orc_pillars, layout_caves, serial_shops, shop_statue, basic_altar
Elf:1:    layout_geoelf_diagonals, serial_shops, nicolae_shop_back_alley_shop,
          kennysheep_underground_church, fountainhead
Elf:2:    nicolae_elf_blades_splatter_lattice [nooodl_blade_entry_preview],
          layout_geoelf_grid, gammafunk_ghost_split, hangedman_feature_mirror
Elf:3:    minmay_elf_hall, layout_gridlike, ebering_ghost_disaster_area,
          uniq_nikola
Vaults:1: mu_enter_wizlab_3, v_misc_22, v_pattern_5, hangedman_vaults_stream,
          ontoclasm_vaults_shuriken, nicolae_vaults_what_the_h,
          nicolae_vaults_house_2, nicolae_vaults_alarming,
          ontoclasm_vaults_decontamination, grunt_vaults_hallway_short,
          layout_vaults_big_room, serial_shops, shop
Vaults:2: vaults_room_grid, minmay_crypt_entry_necro_gods, v_misc_2,
          ontoclasm_vaults_chip, nicolae_vaults_windows_and_doors_thing,
          nicolae_vaults_little_squares_2, v_misc_26, st_spiral_rooms,
          nicolae_vaults_storage_closets_2, nicolae_vaults_gold_heap,
          v_alt_pattern_6, layout_vaults_omnibox
Vaults:3: nicolae_vaults_trapezoid_layered, vaults_room_door_ring,
          nicolae_vaults_shipping_containers_4, ontoclasm_vaults_hangar,
          nicolae_vaults_closet_pinwheel_3, hangedman_vaults_trim, v_misc_10,
          nicolae_vaults_theta, hangedman_vaults_cutoff, grunt_vaults_twisty,
          layout_vaults_omnigrid, uniq_margery
Vaults:4: nicolae_vaults_security_offices_2, nicolae_vaults_big_ls,
          nicolae_vaults_wine_cellar, v_rooms_2,
          nicolae_vaults_little_squares_4, nicolae_vaults_spaceships,
          vaults_dpeg_spiral, nicolae_vaults_ninety_degrees,
          grunt_vaults_diagonal, hangedman_vaults_maws,
          nicolae_vaults_diamond_1, nicolae_vaults_tetromino_Z_1,
          nicolae_vaults_shelves_hall, nicolae_vaults_tetromino_Z_2, v_misc_19,
          layout_vaults_ring, serial_shops, nicolae_shop_gibbet_a_chance,
          uniq_frederick
Vaults:5: uniq_sojobo
Crypt:1:  layout_chaotic_city, uniq_josephina, uniq_xtahua, uniq_donald
Crypt:2:  layout_rooms
Crypt:3:  church_of_pain_bobbens, layout_chaotic_city,
          tomb_entry_simple_bobbens, serial_sigils_hangedman_leer,
          lemuel_statue_altar, weyrava_vampire_temple
Tomb:1
Tomb:2
Tomb:3
Depths:1: layout_gridlike, rand_demon_pan_entry_3, hangedman_coc_ice_floe,
          brannock_xom_greatest_gift, kennysheep_random_hallway
Depths:2: hellmonk_paralyzer, layout_honeycomb, ziggurat_fallback,
          rand_demon_pan_entry_5, hell_entry, evilmike_spriggan_trog_shrine,
          uniq_bai_suzhen, uniq_norris, uniq_asterion
Depths:3: hellmonk_destroyed_diamonds, layout_basic, hangedman_geh_valley,
          abyss_entry_small_statue_room, nrook_uturn
Depths:4: evilmike_zot_entry_hall, layout_cave_pools, serial_column_ruins,
          column_ruins_portal_astroid, column_ruins_hut,
          column_ruins_hut_pillars, column_ruins_open_small,
          column_ruins_corridor_water, column_ruins_open_tiny,
          column_ruins_open_medium, hell_entry, drop_trap,
          chequers_serial_rivers_marsh, evilmike_butchery
Hell
Dis:1:    layout_gridville, nicolae_hells_leichenhalle
Dis:2:    layout_regular_city
Dis:3:    layout_gridville
Dis:4:    layout_subdivisions
Dis:5:    layout_jigsaw
Dis:6:    layout_regular_city
Dis:7:    dis_st
Geh:1:    layout_gehenna_lava_caves
Geh:2:    layout_gehenna_lava_caves
Geh:3:    layout_gehenna_pools_basic, nicolae_geh_niches_of_the_damned
Geh:4:    layout_gehenna_pools_triple, nicolae_geh_gnashing_of_teeth
Geh:5:    layout_gehenna_pools_basic, evilmike_ambush
          [evilmike_ambush_outer_basic, evilmike_ambush_inner_basic]
Geh:6:    layout_gehenna_lava_caves
Geh:7:    geh_mu
Coc:1:    layout_cocytus_water_paths
Coc:2:    layout_cocytus_water_paths
Coc:3:    nicolae_hells_giants_party, layout_cocytus_delve
Coc:4:    layout_cocytus_delve
Coc:5:    nicolae_coc_city_of_iceburg
Coc:6:    layout_cocytus_water_paths
Coc:7:    coc_hangedman
Tar:1:    layout_grid_maze, nicolae_tar_cuneiform_two
Tar:2:    layout_grid_maze
Tar:3:    layout_grid_maze
Tar:4:    nicolae_tar_funeral_procession, layout_cathedral_of_symmetry
Tar:5:    layout_catacombs, nicolae_tar_cuneiform_city,
          nicolae_hells_seeping_fissure
Tar:6:    layout_grid_maze
Tar:7:    tar_minmay_river
Zot:1:    layout_basic, drop_trap, regret_index_zotdec_dark_gr
Zot:2:    hangedman_zot_vaults_quadrants, layout_onion_interference,
          gammafunk_ghost_crypt, regret_index_zotdec_serpentine_coiled,
          uniq_grunn
Zot:3:    gammafunk_sealed_arena, layout_gridlike
Zot:4:    layout_basic
Zot:5:    layout_twisted_circle, regret_index_zotdec_stipple_waver

Skill      XL: |  1  2  3  4  5  6  7  8  9 10 11 12 13 14 15 16 17 18 19 20 21 22 23 24 25 26 27 |
---------------+----------------------------------------------------------------------------------+-----
Polearms       | 3 4 5 6 8 9 11 13 15 17 | 17.5
Fighting       | 4 5 6 7 8 9 11 14 15 17 18 27 | 27.0
Shapeshifting  | 2 4 6 8 10 15 16 20 25 | 25.0
Dodging        | 10 14 16 27 | 27.0
Long Blades    | 6 14 15 17 18 20 22 26 27 | 27.0
Spellcasting   | 6 10 25 | 25.2
Translocations | 6 9 12 14 15 18 27 | 27.0
Shields        | 8 12 27 | 27.0
Stealth        | 20 | 20.5
Armour         | |  2.1

Action                     |  1- 3 |  4- 6 |  7- 9 | 10-12 | 13-15 | 16-18 | 19-21 | 22-24 | 25-27 || total
---------------------------+-------+-------+-------+-------+-------+-------+-------+-------+-------++-------
  Melee: Trident           |    93 |   254 |   511 |   244 |       |       |       |       |       ||  1102
         Tailslap          |       |       |     1 |       |     8 |    44 |       |     4 |    37 ||    94
         Halberd           |       |       |       |   310 |       |       |       |       |       ||   310
         Unarmed           |       |       |       |     4 |       |       |       |       |       ||     4
         Glaive            |       |       |       |   109 |   561 |       |       |       |       ||   670
         Katana            |       |       |       |       |   468 |  1890 |  1645 |  1298 |  5400 || 10701
         Eudemon blade     |       |       |       |       |       |       |       |       |  5328 ||  5328
         Trishula          |       |       |       |       |       |       |       |       |    61 ||    61
  Throw: Dart              |       |       |     9 |     3 |     1 |       |       |       |       ||    13
   Cast: Manifold Assault  |       |       |       |       |       |   119 |   563 |   414 |  4219 ||  5315
 Invoke: Potion Petition   |       |       |       |     2 |       |     2 |     3 |       |    29 ||    36
         Call Merchant     |       |       |       |       |     2 |     2 |     2 |     2 |     6 ||    14
         Bribe Branch      |       |       |       |       |       |       |       |       |     2 ||     2
  Evoke: Wand              |       |       |    13 |     9 |       |     3 |       |       |     9 ||    34
         Lightning rod     |       |       |       |       |       |       |       |       |     6 ||     6
    Use: Scroll            |     2 |     6 |     6 |    11 |    14 |    16 |     7 |     1 |    63 ||   126
         Potion            |       |       |     1 |     7 |     1 |     2 |     4 |     2 |    67 ||    84
   Stab: Distracted        |       |       |       |     3 |     6 |    11 |     4 |     7 |    57 ||    88
         Invisible         |       |       |       |     2 |       |       |       |       |       ||     2
         Petrified         |       |       |       |       |     1 |       |       |       |       ||     1
         Sleeping          |       |       |       |       |     2 |       |       |       |       ||     2
         Confused          |       |       |       |       |       |       |       |       |     1 ||     1
 Armour: Scale mail        |    38 |   133 |   214 |   222 |       |       |       |       |       ||   607
         Skin              |       |       |       |    57 |   977 |  1903 |   532 |   441 |  1655 ||  5565
         Chain mail        |       |       |       |     5 |       |       |       |       |       ||     5
  Dodge: Dodged            |    33 |    81 |   117 |   195 |  1621 |  1449 |   505 |   434 |  2625 ||  7060
  Block: Buckler           |    13 |    63 |   100 |    20 |       |       |       |       |       ||   196
         Reflection        |       |       |     1 |       |       |       |       |       |   120 ||   121
         Kite shield       |       |       |       |       |   257 |  1129 |   496 |   594 |   358 ||  2834
         Tower shield      |       |       |       |       |       |       |       |       |  6058 ||  6058
   Form: Statue            |       |       |       |     1 |     1 |       |       |       |       ||     2
                           |       |       |       |       |     1 |       |       |       |       ||     1

Table legend: (Time is in decaauts)
 A = Elapsed time spent in this place.
 B = Non-inter-level travel time spent in this place.
 C = Inter-level travel time spent in this place.
 D = Time resting spent in this place.
 E = Time spent auto-exploring this place.
 F = Levels seen in this place.
 G = Mean time per level.
                   A        B        C        D        E       F      G
               +--------+--------+--------+--------+--------+-----+--------+
         Total | 115292 | 104685 |  10607 |   2572 |  76461 | 129 |  893.7 |
       Dungeon |  18264 |  15174 |   3090 |   1177 |  10829 |  15 | 1217.6 |
        Temple |      3 |      3 |      0 |      0 |      0 |   1 |    3.0 |
          Lair |   6888 |   5690 |   1198 |      0 |   4384 |   5 | 1377.6 |
         Swamp |   4372 |   4243 |    129 |     67 |   3140 |   4 | 1093.0 |
   Spider Nest |   5843 |   5504 |    339 |     82 |   3878 |   4 | 1460.8 |
    Slime Pits |   2383 |   2247 |    136 |      0 |   1781 |   5 |  476.6 |
  Orcish Mines |   2704 |   2288 |    416 |    177 |   1239 |   2 | 1352.0 |
   Elven Halls |   5615 |   5386 |    229 |    118 |   4566 |   3 | 1871.7 |
        Vaults |  18875 |  18102 |    773 |    246 |  15639 |   5 | 3775.0 |
         Crypt |   1230 |   1032 |    198 |      0 |    781 |   3 |  410.0 |
          Tomb |   2620 |   2108 |    512 |     37 |   1430 |   3 |  873.3 |
        Depths |   7810 |   6857 |    953 |    179 |   5706 |   4 | 1952.5 |
          Hell |   1048 |    778 |    270 |     11 |    459 |   1 | 1048.0 |
           Dis |   2642 |   2166 |    476 |     83 |   1223 |   7 |  377.4 |
       Gehenna |   3694 |   3109 |    585 |     17 |   2413 |   7 |  527.7 |
       Cocytus |   3034 |   2662 |    372 |      9 |   1647 |   7 |  433.4 |
      Tartarus |   1788 |   1517 |    271 |     49 |    818 |   7 |  255.4 |
           Zot |   7082 |   6427 |    655 |     74 |   5001 |   5 | 1416.4 |
         Abyss |   3745 |   3745 |      0 |      0 |   1817 |   7 |  535.0 |
   Pandemonium |  12004 |  12004 |      0 |    228 |   7269 |  20 |  600.2 |
      Ziggurat |   2562 |   2562 |      0 |      0 |   1883 |  12 |  213.5 |
        Bailey |    371 |    371 |      0 |     12 |    189 |   1 |  371.0 |
      Gauntlet |    704 |    704 |      0 |      0 |    360 |   1 |  704.0 |
               +--------+--------+--------+--------+--------+-----+--------+

Top non-repeatable levels by time:
Vaults:5: 5508 daAuts
Vaults:3: 3751 daAuts
Vaults:2: 3537 daAuts
Vaults:4: 3130 daAuts
Vaults:1: 2947 daAuts
Depths:2: 2691 daAuts
Depths:1: 2552 daAuts
    D:15: 2209 daAuts
   Elf:3: 2205 daAuts
Spider:4: 2191 daAuts
   Zot:5: 2108 daAuts
   Elf:2: 2068 daAuts
   Geh:7: 1822 daAuts
Depths:3: 1786 daAuts
   Zot:2: 1674 daAuts
